Workbook
Name _Hlk170218928: 'T5'!$B$1

Sheet Sg-MRC
A1: MATRIZ SEGUIMIENTO MAPA DE RIESGOS DE CORRUPCIÓN
B2: Entidad: Ministerio del Deporte | K2: ¿Se adelantó seguimiento al Mapa de Riesgos de Corrupción?
B3: Responsable: Tercera línea de defensa
B4: Seguimiento: Primer Cuatrimestre 2025 | K4: Si | L4: Primer y segunda línea de defensa
B5: Fecha de publicación: 15 de mayo de 2025
A6: SEGUIMIENTO Y EVALUACIÓN POR PARTE DE LA TERCERA LÍNEA DE DEFENSA
A8: FORMULACIÓN DE RIESGOS Y EVALUACIÓN | J8: VALORACIÓN DE LOS CONTROLES | S8: PLAN DE TRATAMIENTO | W8: MONITOREO, SEGUIMIENTO Y EVALUACIÓN
A9: Nombre del Proceso | B9: Siglas | C9: Descripción Riesgo | D9: ¿Cumple con la redacción del Riesgo de Corrupción? | E9: Fecha de Aprobacion | F9: Fecha de Monitoreo 1a Línea de Defensa | G9: Fecha de Monitoreo 2da Línea de Defensa | H9: Tipo Proceso | I9: Zona de Riesgo Inherente | J9: ¿Presenta descripción de la valoración de controles? | K9: Descripción del Control | L9: Atributo del Control | M9: ¿El diseño de los controles es efectivo? | N9: ¿Los controles cuentan con responsables de su ejecución? | O9: ¿La periodicidad de los controles es oportuna para mitigar el riesgo? | P9: Tratamiento | Q9: Zona de Riesgo Residual Final | R9: ¿Se cuenta con evidencias de la ejecución del control? | S9: ¿Formuló Plan de Tratamiento (acciones)? | T9: Descripción del Plan de Tratamiento | U9: ¿Cumple con la ejecución del Plan de Tratamiento de manera eficaz? | V9: ¿Se cuenta con evidencias de la ejecución del Plan de Tratamiento? | W9: ¿El proceso reportó Materialización del Riesgo? | X9: ¿Se enunciaron acciones de mejora por materialización? | Y9: ¿Se activaron alertas tempranas para evitar la materialización? | Z9: ¿Se implementaron correctivos por la materialización? | AA9: ¿Se reportaron indicadores? | AB9: ¿Cuántas alertas se convirtieron en denuncias por casos de corrupción? | AC9: Observaciones y recomendaciones por parte de la Tercera Línea de Defensa - Oficina de Control Interno (OCI)
A10: Gestión de las Comunicaciones | B10: =VLOOKUP(A10,'Listas deplegables'!$A$2:$B$19,2,0) -> GC | C10: Posibilidad de recibir cualquier dádiva o beneficio a nombre propio o tercero para difundir información sensible sin la debida verificación y aprobación | D10: No | E10: 45649 | F10: 45807 | G10: 45783 | H10: Estratégico | I10: Extremo | J10: Si | K10: El Coordinador GIT Comunicaciones, controla a través del seguimiento permanente a los integrantes del GIT Comunicaciones, estableciendo el punto análisis del cumplimiento de los lineamientos de crisis en los consejos de redacción, las cuales se sustentan en acta del consejo cuando se requieran En caso de identificar desviaciones en la ejecución del control se solicitará al responsable un informe del no cumplimiento. Se generará un acta del consejo de redacción. Frecuencial: Cuatrimestral | L10: Preventivo | M10: Si | N10: Si | O10: Si | P10: Reducir (Mitigar) | Q10: Extremo | R10: Si | S10: Si | T10: Generar un mapeo constante para anticiparnos a los riesgos de crisis de la comunicación. | U10: Si | V10: Si | W10: No | X10: No aplica | Y10: No aplica | Z10: No aplica | AA10: Si | AB10: 0 | AC10: En relación al líder del proceso, se recomienda detallar el cargo -dependencia (M8) ya que se detalla el nombre de un ex funcionario de la entidad. La redacción del riesgo no considera los cuatro (4) elementos para los riesgos de corrupción, no se refiere a daño económico o reputacional, ni la desviación específica de la gestión de lo público de manera que recomienda revisar y ajustar la redacción del riesgo. R1-Ctrl3: pese a que se detalla que se genera un informe anual, se expresa que tiene una frecuencia cuatrimestral, por lo que se recomienda verificar la frecuencia del control y de la evidencia para que sean consistentes entre si. R1-Acc2: no se cuenta con evidencias de su ejecución por lo que no es posible establecer su puesta en marcha.
A11: Gestión de las Comunicaciones | B11: =VLOOKUP(A11,'Listas deplegables'!$A$2:$B$19,2,0) -> GC | J11: Si | K11: El Coordinador GIT Comunicaciones, verifica la aprobación de las notas de prensa, el cumplimiento se hace mensualmente a través del reporte del indicador de notas de prensa publicadas. En caso de identificar desviaciones en la ejecución del control se devolverá al periodista la nota para su ajuste. De la ejecución del control: mensualmente se entrega la verificación del cumplimiento de los conductos de aprobación de las notas de prensa, mediante el formato establecido. Frecuencial: Cuatrimestral | L11: Preventivo | M11: Si | N11: Si | O11: Si | P11: Reducir (Mitigar) | Q11: Extremo | R11: Si | S11: Si | T11: Socializar con los colaboradores de la entidad cómo proceder ante la aprobación de la información de PQRS asociadas a las solicitudes de los medios de comunicación. | U11: No | V11: No
A12: Gestión de las Comunicaciones | B12: =VLOOKUP(A12,'Listas deplegables'!$A$2:$B$19,2,0) -> GC | J12: Si | K12: Coordinador GIT Comunicaciones, evalúa la aplicación de la Política Editorial para la toma de decisiones, a través de un instrumento de evaluación que arroja unos resultados y se genera un informe. En caso de desviación se hará retroalimentación. De la ejecución del control se genera informe anual. Frecuencial: Cuatrimestral | L12: Detectivo | M12: Si | N12: Si | O12: Si | P12: Reducir (Mitigar) | Q12: Extremo | R12: No | S12: Si | T12: Generar alertas tempranas sobre el cargue de la información en el SharePoint, en la cual se den recomendaciones. | U12: Si | V12: Si
A13: Formulación y Adopción de Políticas, Planes y Programas | B13: =VLOOKUP(A13,'Listas deplegables'!$A$2:$B$19,2,0) -> FP | C13: Posibilidad de favorecer un grupo de interés sobre otro en los procesos de formulación de políticas públicas. | D13: No | E13: 45051 | F13: 45287 | G13: 45786 | H13: Misional | I13: Alto | J13: Si | K13: Semestralmente, El profesional designado del viceministerio, debe verificar la existencia del mapa de actores del proceso de formulación de política pública a través de el formato de caracterización de actores para focalizar el grupo objetivo que participa. En caso de identificar desviaciones en la ejecución del control, La Viceministra generará alertas al Profesional designado, para el cumplimiento del registro de caracterización de actores. De la ejecución de los controles se generará la siguiente evidencia: Formato de caracterización de actores diligenciado. | L13: Preventivo | M13: Si | N13: Si | O13: Si | P13: Reducir (Mitigar) | Q13: Alto | R13: No | S13: Si | T13: 1. Documentar el control R3-Control 1, a través del formato de caracterización de actores del proceso de formulación de política pública. | U13: No | V13: No | W13: No | X13: No aplica | Y13: No aplica | Z13: No aplica | AA13: No | AB13: 0 | AC13: Se utilizó formato en versión no vigente (V,1) para el reporte; en adición, se evidencia que se cargó el mapa de riesgos de la vigencia 2023 con lo que podría existir una debilidad en el cumplimiento de la labor de identifcación y formulación de los riesgos del proceso para la vigencia 2025, La redacción del riesgo no considera los cuatro (4) elementos para los riesgos de corrupción, no se refiere a daño económico o reputacional, ni la desviación específica de la gestión de lo público de manera que recomienda revisar y ajustar la redacción del riesgo. Las evidencias remitdas no corresponden a las planteadas en los controles y acciones, por lo tanto no dan cuenta del cumplimiento de lo planteado para la mitigación del riesgo. Dado el que proceso tiene hallazgo reiterativo por la no identificación y formulación de riesgos, se recomienda realizar el adecuado ejercicio de tratamiento de los riesgos propios de sus funciones a cargo. Se recomienda al jefe de la OCI presentar el caso para su tratamiento ante el Comité Insitucional de Coordinación de Control Interno.
A14: Formulación y Adopción de Políticas, Planes y Programas | B14: =VLOOKUP(A14,'Listas deplegables'!$A$2:$B$19,2,0) -> FP | J14: Si | K14: El profesional designado del viceministerio, debe verificar los documentos de plan de participación ciudadana remitido por el área técnica encargada de la formulación de la política pública. | L14: Preventivo | M14: No | N14: Si | O14: No | P14: Reducir (Mitigar) | Q14: Alto | R14: No | S14: Si | T14: 1.Documentar el formato de Plan de participación ciudadana del proceso de formulación de política pública. | U14: No | V14: No
A15: Formulación y Adopción de Políticas, Planes y Programas | B15: =VLOOKUP(A15,'Listas deplegables'!$A$2:$B$19,2,0) -> FP | J15: Si | K15: El profesional designado del viceministerio, cada vez que se requiera debe validar la pertinencia, oportunidad y validez de los procesos externos de formulación de política pública que impacten a la entidad. | L15: Preventivo | M15: No | N15: Si | O15: No | P15: Reducir (Mitigar) | Q15: Alto | R15: No | S15: Si | T15: 1. Revisar matrices de validación de las líneas de acción de política pública. 2. Realizar mesas técnicas de validación de información. | U15: No | V15: No
A16: Altos Logros | B16: =VLOOKUP(A16,'Listas deplegables'!$A$2:$B$19,2,0) -> AL | C16: Posibilidad de recibir o solicitar cualquiér dadiva o beneficio a nombre propio o de terceros beneficiando a atletas o paraatletas del programa de atleta excelencia, programa de glorias del deporte, escuela de talentos o beneficiar a federaciones deportivas nacionales que no cumplan con requisitos legales o normativos. | D16: No | E16: 45610 | F16: 45775 | G16: 45783 | H16: Misional | I16: Moderado | J16: Si | K16: Cada vez que se requiera, el profesional designado debe verificar el cumplimiento de los requisitos de acceso y permanencia, a través de la implementación de los controles establecidos. En caso de identificar desviaciones en la ejecución del control, enviar un oficio indicando la situación evidenciada de falta de requisitos que permita subasanar la información requerida y abstenerse de beneficiar a quien no cumpla con los requisitos establecidos. Frecuencia: cuatrimestral | L16: Preventivo | M16: Si | N16: Si | O16: Si | P16: Reducir (Mitigar) | Q16: Moderado | R16: No | S16: Si | T16: Implementar un mecanismo de seguimiento a las acciones planificadas por medio de: * Reunión mensual (conforme a disponibilidad de agenda) de seguimiento a acciones de la DPYLD y designación (o reasignación) de responsables. | U16: No | V16: No | W16: No | X16: No aplica | Y16: No aplica | Z16: No aplica | AA16: Si | AB16: 0 | AC16: La redacción del riesgo no considera los cuatro (4) elementos para los riesgos de corrupción, no se refiere a daño económico o reputacional, ni la desviación específica de la gestión de lo público de manera que recomienda revisar y ajustar la redacción del riesgo. Verificar la frecuencia con la que se realiza la actividad y su valoración ya que inicia en zona de riesgo inherente "Moderada" siendo muy baja en relación a un riesgo de corrupción; esto se puede deber a que no fueron resueltas las 19 preguntas requeridas para la clasificación del impacto del riesgo de corrupción (Hoja <<Tabla Impacto>> del formato DE- FR -002) Se evidencia que los ocho (8) controles planteados son idénticos; se recomienda tener en cuenta que cada control debe tener un planteamiento diferente atendido cada una de las causas raices identificadas, sumado a que los controles son para el proceso y no para cada grupo de trabajo; en caso que se trate por facilidad de consolidación interna de la Dirección de Posicionamiento, se deben establecer mecanismos de trabajo interno para la consolidación del monitoreo que no afecten ni repitan controles en el mapa de riesgos de la entidad y puedan derivar en confucion a los grupos de valor que consulten el mapa de riesgos institucional. En línea con lo anterior, solo el primer control se considera efectivo, los demás no, por ser repetidos. En adición y pese a ser idénticos se clasifica tanto como preventivo, como detectivo, por lo que se recomienda verificar el atributo del control. Zona de Riesgo Residual Final no varia después de aplicar los controles, se mantiene en moderada. La evidencia debe estar detallada dentro de la descripción del control y la que se entregue en el monitoreo debe corresponder estrictamente con esta, se evidencia que se planteó en el formato pero fuera de la descripción: 1. Verificar en cumplimiento de la Hoja de Ruta para la contratación Formato del proceso de Bienes y Servicios , 2. Supervisión de los contratos de apoyo a federaciones nacionales y 3. Apoyo a la supervisión. No obstante, lo que se remitió, fue el expediente precontractual el cual no está establecido como evidencia y no permite verificar el cumplimiento del control. Indicadores: no se detalla la fuente información de la frecuencia con la cual se realiza la actividad (23) por lo que no es posible varidar su medición; no se anexan evidencias de los indicadores. De otra parte en el monitoreo se detallan contratos sucritos mientras que en el indicador se describe que "Durante el primer cuatrimestre no se suscrieron contratos, por lo que no se procedió a verificaci (sic)" con lo que la información entre el reporte de indicadores y el monitoero de los controles es incosistente.
A17: Altos Logros | B17: =VLOOKUP(A17,'Listas deplegables'!$A$2:$B$19,2,0) -> AL | J17: Si | K17: Cada vez que se requiera, el profesional designado debe verificar el cumplimiento de los requisitos de acceso y permanencia, a través de la implementación de los controles establecidos. En caso de identificar desviaciones en la ejecución del control, enviar un oficio indicando la situación evidenciada de falta de requisitos que permita subasanar la información requerida y abstenerse de beneficiar a quien no cumpla con los requisitos establecidos. Frecuencia: cuatrimestral | L17: Preventivo | M17: No | N17: Si | O17: Si | P17: Reducir (Mitigar) | Q17: Moderado | R17: No
A18: Altos Logros | B18: =VLOOKUP(A18,'Listas deplegables'!$A$2:$B$19,2,0) -> AL | J18: Si | K18: Cada vez que se requiera, el profesional designado debe verificar el cumplimiento de los requisitos de acceso y permanencia, a través de la implementación de los controles establecidos. En caso de identificar desviaciones en la ejecución del control, enviar un oficio indicando la situación evidenciada de falta de requisitos que permita subasanar la información requerida y abstenerse de beneficiar a quien no cumpla con los requisitos establecidos. Frecuencia: cuatrimestral | L18: Preventivo | M18: No | N18: Si | O18: Si | P18: Reducir (Mitigar) | Q18: Moderado | R18: No
A19: Altos Logros | B19: =VLOOKUP(A19,'Listas deplegables'!$A$2:$B$19,2,0) -> AL | J19: Si | K19: Cada vez que se requiera, el profesional designado debe verificar el cumplimiento de los requisitos de acceso y permanencia, a través de la implementación de los controles establecidos. En caso de identificar desviaciones en la ejecución del control, enviar un oficio indicando la situación evidenciada de falta de requisitos que permita subasanar la información requerida y abstenerse de beneficiar a quien no cumpla con los requisitos establecidos. Frecuencia: cuatrimestral | L19: Preventivo | M19: No | N19: Si | O19: Si | P19: Reducir (Mitigar) | Q19: Moderado | R19: No
A20: Altos Logros | B20: =VLOOKUP(A20,'Listas deplegables'!$A$2:$B$19,2,0) -> AL | J20: Si | K20: Cada vez que se requiera, el profesional designado debe verificar el cumplimiento de los requisitos de acceso y permanencia, a través de la implementación de los controles establecidos. En caso de identificar desviaciones en la ejecución del control, enviar un oficio indicando la situación evidenciada de falta de requisitos que permita subasanar la información requerida y abstenerse de beneficiar a quien no cumpla con los requisitos establecidos. Frecuencia: cuatrimestral | L20: Preventivo | M20: No | N20: Si | O20: Si | P20: Reducir (Mitigar) | Q20: Moderado | R20: No
A21: Altos Logros | B21: =VLOOKUP(A21,'Listas deplegables'!$A$2:$B$19,2,0) -> AL | J21: Si | K21: Cada vez que se requiera, el profesional designado debe verificar el cumplimiento de los requisitos de acceso y permanencia, a través de la implementación de los controles establecidos. En caso de identificar desviaciones en la ejecución del control, enviar un oficio indicando la situación evidenciada de falta de requisitos que permita subasanar la información requerida y abstenerse de beneficiar a quien no cumpla con los requisitos establecidos. Frecuencia: cuatrimestral | L21: Preventivo | M21: No | N21: Si | O21: Si | P21: Reducir (Mitigar) | Q21: Moderado | R21: No
A22: Altos Logros | B22: =VLOOKUP(A22,'Listas deplegables'!$A$2:$B$19,2,0) -> AL | J22: Si | K22: Cada vez que se requiera, el profesional designado debe verificar el cumplimiento de los requisitos de acceso y permanencia, a través de la implementación de los controles establecidos. En caso de identificar desviaciones en la ejecución del control, enviar un oficio indicando la situación evidenciada de falta de requisitos que permita subasanar la información requerida y abstenerse de beneficiar a quien no cumpla con los requisitos establecidos. Frecuencia: cuatrimestral | L22: Preventivo | M22: No | N22: Si | O22: Si | P22: Reducir (Mitigar) | Q22: Moderado | R22: No
A23: Altos Logros | B23: =VLOOKUP(A23,'Listas deplegables'!$A$2:$B$19,2,0) -> AL | J23: Si | K23: Cada vez que se requiera, el profesional designado debe verificar el cumplimiento de los requisitos de acceso y permanencia en el Centro de Alto Rendimiento, a través de la implementación de los controles establecidos. En caso de identificar desviaciones en la ejecución del control, enviar un oficio indicando la situación evidenciada de falta de requisitos que permita subasanar la información requerida y abstenerse de beneficiar a quien no cumpla con los requisitos establecidos. Frecuencia: cuatrimestral | L23: Detectivo | M23: No | N23: Si | O23: Si | P23: Reducir (Mitigar) | Q23: Moderado | R23: No
A24: Inspección Vigilancia y Control | B24: =VLOOKUP(A24,'Listas deplegables'!$A$2:$B$19,2,0) -> IVC | C24: Posibilidad de recibir o solicitar cualquier dadiva o beneficio a nombre propio o de terceros para favorecer a un organismo deportivo en el desarrollo de tramites, inspección, auditorias y/o procedimientos administrativos | D24: No | E24: 45616 | F24: No diligenciado | G24: 45783 | H24: Misional | I24: Moderado | J24: Si | K24: Cada mes, el gestor documental, verifica los permisos de acceso a las bases de datos en SharePoint, tanto en modo lectura como escritura, otorgados a los miembros de cada Grupo Interno de Trabajo (GIT). Compara estos permisos con los roles definidos para asegurar de que coinciden. En caso de desviación del control, ajusta los accesos a las bases de datos, para que correspondan a los roles definidos del profesional e informa la corrección al coordinador a través de correo electrónico. Las evidencias de la ejecución del control deben incluir: un registro en SharePoint con los permisos otorgados a los miembros de cada GIT, con los correos electrónicos del gestor documental. | L24: Preventivo | M24: Si | N24: Si | O24: Si | P24: Reducir (Mitigar) | Q24: Moderado | R24: Si | S24: Si | T24: Socializar los responsables del manejo, control de cambios, actualización y permisos de acceso a las bases de datos y expedientes de la Dirección. | U24: No | V24: No | W24: No | X24: No aplica | Y24: No aplica | Z24: No aplica | AA24: Si | AB24: 0 | AC24: No se reporta la fecha del monitoreo de la primera línea de defensa. La redacción del riesgo no considera los cuatro (4) elementos para los riesgos de corrupción, no se refiere a daño económico o reputacional, ni la desviación específica de la gestión de lo público de manera que recomienda revisar y ajustar la redacción del riesgo. Verificar la frecuencia con la que se realiza la actividad y su valoración ya que inicia en zona de riesgo inherente "Moderada" siendo muy baja en relación a un riesgo de corrupción; esto se puede deber a que no fueron resueltas las 19 preguntas requeridas para la clasificación del impacto del riesgo de corrupción (Hoja <<Tabla Impacto>> del formato DE- FR -002) R1-Ctrl2: se anexa formato 003 con el cual se evidencia el cumplimiento de la acción, se recomienda no anexar evidencias que no están relacionadas en la descripción del control, tal como el formato 048. R1-Acc-1-Acc2-Acc3: las evidecias aportadas no corresponden con las enunciadas en el mapa de riesgos, se recomienda no anexar evidencias que no están relacionadas en la descripción del control pues esto dificulta la labor de verificación de la Tercera Línea de defensa. Dado que se tienen previstos ejecutar con plazo hasta diciembre de 2025 se recomienda que en evidencia se detalle no aplica y la fecha estimada en la que se generará la evidencia detallada en el mapa de riesgos para dicha acción. Indicadores: si bien la formulación del Indicador Clave del Riesgo detalla que tiene medición semestral y por esta razón no se reporta su medición, el indicador del Desempeño del Control no tiene medición cuantitativa. Dado que son indicadores numericos se recomienda siempre detallar el cálculo de este, sumado a la descripción cualitativa, máxime si la meta del indicador es cero, puesto permite verificar la efectividad del tratamiento del riesgo.
A25: Inspección Vigilancia y Control | B25: =VLOOKUP(A25,'Listas deplegables'!$A$2:$B$19,2,0) -> IVC | J25: Si | K25: Cada vez que ingresa la solicitud de un trámite, el profesional responsable verifica la correcta aplicación de los formatos de control de legalidad IVC-FR-003, IVC-FR-004 o IVC-FR-006 vigentes, los cuales deben ser diligenciados después de cada trámite. Al finalizar un proceso, ya sea de Negación, Renovación o Actualización del Reconocimiento Deportivo e inscripción de miembros, se revisa que los formatos correspondientes estén completos y correctamente diligenciados para garantizar un adecuado control de legalidad. En caso de detectar alguna desviación en el control, el coordinador del G.I.T. devuelve el trámite para solicitar su verificación y se modifican los formatos para mejorar la calidad y precisión de los datos. Como evidencia de la ejecución del control, se generará el reporte de los registros realizados en los formatos IVC-FR-003, IVC-FR-004 o IVC-FR-006, los correos electrónicos del coordinador que contengan observaciones (si aplica) y los registros actualizados. | L25: Preventivo | M25: Si | N25: Si | O25: Si | P25: Reducir (Mitigar) | Q25: Moderado | R25: Si | S25: Si | T25: Revisar y actualziar el IVC-MN-002 Manual "Orientaciones para realizar Inspección, Vigilancia y Control en el Ministerio del Deporte". | U25: No | V25: No
A26: Inspección Vigilancia y Control | B26: =VLOOKUP(A26,'Listas deplegables'!$A$2:$B$19,2,0) -> IVC | J26: Si | K26: Cada vez que se requiera, el profesional asignado se verifica que los requisitos legales y estatutarios del organismo deportivo sean cumplidos en relación con el estudio y la validez de la documentación requerida para el trámite. Antes de iniciar cualquier trámite, se realiza una revisión preliminar que debe ser aprobada por el Coordinador y el Director. En caso de identificar desviación en la ejecución del control, el Coordinador devolverá la documentación con observaciones para su corrección. Como evidencia de la ejecución del control, se presentarán los flujos de correo que demuestren los filtros de revisión de los actos administrativos emitidos. | L26: Preventivo | M26: Si | N26: Si | O26: Si | P26: Reducir (Mitigar) | Q26: Moderado | R26: Si | S26: Si | T26: Socializar a los profesionales de la Dirección de Inspección, Vigilancia y Control la normatividad y lineamientos vigentes, así como la documentacion asociada al procesoIVC, que se encuentra en ISDLUCION. | U26: No | V26: No
A27: Fomento al Desarrollo Humano y Social | B27: =VLOOKUP(A27,'Listas deplegables'!$A$2:$B$19,2,0) -> FD | C27: Posibilidad de recibir cualquier dádiva o beneficio a nombre propio o de terceros para desembolsar recursos a convenios o contratos entre el ministerio y entes ejecutores sin el cumplimiento de los requisitos legales. | D27: No | E27: 45616 | F27: 45777 | G27: 45783 | H27: Misional | I27: Extremo | J27: Si | K27: Cada vez que se requiera el y/o los supervisores de los GIT de la Dirección de Fomento y Desarrollo (Actividad Fìsica, Recreaciòn, Deporte Escolar, Deporte Social Comunitario) Verifican los documentos soportes financieros de los convenios y/o contratos frente a lo establecido en las minutas contractuales. Cada vez que se recibe un informe financiero, valida la informacion recibida frente a la ejecucion de contrato y/o convenios; En caso de identificar desviaciones en la ejecución del control, remitir comunicacion oficial ( Correo electronico u oficios ) al operador solicitandole la completitud de la informacion o la subsanacion de las situaciones encontradas. De la ejecución de los controles se generará la siguiente evidencia: Correos electronicos, Gesdoc. Frecuencia: Cuatrimestral | L27: Detectivo | M27: Si | N27: Si | O27: Si | P27: Reducir (Mitigar) | Q27: Extremo | R27: No | S27: Si | T27: Generar de manera mensual correos a los operadores presentandoles el estado de la ejecucion presupuestal de los contratos y/o convenios, que presenten un menor avance de lo programado | U27: No | V27: No | W27: No | X27: No aplica | Y27: No aplica | Z27: No aplica | AA27: No aplica | AB27: 0 | AC27: La redacción del riesgo no considera los cuatro (4) elementos para los riesgos de corrupción, no se refiere a daño económico o reputacional, ni la desviación específica de la gestión de lo público de manera que recomienda revisar y ajustar la redacción del riesgo. No se cuenta con evidencias de la ejecución de los controles ni del plan de tratamiento, las carpetas se encuentran vacias. Indicadores: si bien se diligenció el formato de seguimiento de indicadores, el mismo no tiene medición y se describe que "Para este primer reporte no se cuenta con las evidencias", no cuenta con monitoreo del indicador de desempeño del control, el cual además requiere revisión en el planteamiento pues no permite medir efectividad del control propuesto; se recomienda revisar la formulación del indicador, ya que no permite medir eficiencia ni eficacia de las actividades planteadas. En cuanto a la medición del Indicador clave del Riesgo, se relaciona descripción cualitativa y no cuantitativa como corresponde. Seguimiento segunda línea de defensa: se recomienda verificar la sección control de cambios puesto que se evidencia trazabilidad de la actualización.
A28: Fomento al Desarrollo Humano y Social | B28: =VLOOKUP(A28,'Listas deplegables'!$A$2:$B$19,2,0) -> FD | J28: Si | K28: De manera mensual el y/o los supervisores de los GIT de la Dirección de Fomento y Desarrollo (Actividad Fìsica, Recreaciòn, Deporte Escolar, Deporte Social Comunitario) Realizan comites de seguimientos con los operadores, a traves de mesas de trabajo para monitorear el avance de la ejecucion de los contratos y/o convenios. En caso de identificar desviaciones en la ejecución del control, se solicitara un comite extraordinario con fin de aprobar las modificaciones a la asugnacion presupuestal del contrato o convenio a validar. De la ejecución de los controles se generará la siguiente evidencia: Matriz consolidada de los convenios y/o contratos de la direccion, Actas de comite, Gesdoc Frecuencia: Cuatrimestral | L28: Preventivo | M28: Si | N28: Si | O28: Si | P28: Reducir (Mitigar) | Q28: Extremo | R28: No | S28: Si | T28: Consolidar de manera semestral el estado de la ejecucion de los contratos y/o convenios. | U28: Si | V28: No aplica
A29: Apoyo a la Infraestructura Técnica y Científica | B29: =VLOOKUP(A29,'Listas deplegables'!$A$2:$B$19,2,0) -> ATC | C29: Posibilidad de recibir o solicitar cualquier dádiva o beneficio a nombre propio o de terceros para realizar de manera deficiente, el ejercicio de la supervision que para el correcto desembolso de recursos economicos | D29: No | E29: 45595 | F29: 45777 | G29: 45783 | H29: Misional | I29: Extremo | J29: Si | K29: Cada vez que se requiera, el profesional de apoyo financiero asignado al GIT de infraestructura -Profesional financiero de la Direccion de recursos y Herramientas del SND, debe verificar y validar el cumplimiento de los requisitos establecidos en la minuta del convenio y/o contrato para iniciar el tramite de desembolso o pago. El supervisor y/o apoyo a la supervisión, de acuerdo con los términos establecidos en la minuta de cada uno de los contratos o convenios y en concordancia con el BS-MN-003 Manual de Supervisión e Interventoría y el BS-MN-002 Manual de contratación, realiza la verificación y validación de los requisitos aportados por la interventoría de los contratos y/o convenios para el desembolso, a través del documento de trabajo denominado Check List.En caso de identificar desviaciones de la ejecución del control, mediante comunicación externa (Gesdoc) o correo electrónico, se notifican observaciones encontradas según sea el caso a: Entes territoriales en el marco de convenios y contratos interadministrativos, a interventorías o a convenios solidarios, para que se subsane y se remitan los soportes y/o documentos que se deben anexar o modificar para la continuidad del trámite de desembolso. De la ejecucion de los controles se generara la siguiente evidencia: Soportes que respaldan el desembolso (Ubicados en carpeta Virtual) y/o Check list de verificacion | L29: Preventivo | M29: Si | N29: Si | O29: Si | P29: Reducir (Mitigar) | Q29: Extremo | R29: Incompleta | S29: Si | T29: Crear el formato de Check list para los desembolso | U29: No aplica | V29: No aplica | W29: No | X29: No aplica | Y29: No aplica | Z29: No aplica | AA29: Si | AB29: 0 | AC29: La redacción del riesgo no considera los cuatro (4) elementos para los riesgos de corrupción, no se refiere a daño económico o reputacional, ni la desviación específica de la gestión de lo público de manera que recomienda revisar y ajustar la redacción del riesgo. Se recomienda evaluar el nivel de riesgo inherente, dado que el proceso ha sido establecido con un riesgo alto y considerando las causas identificadas su zona de Riesgo podría ser extremo, para ello se sugiere atender el procedimiento y formato, dando respuesta a las 19 preguntas para la clasificación de impacto. La evidencia de R1C1: se recomienda incluir en el formato fecha de diligenciamiento, responsable de la verificación del control y responsable del diligenciamiento por parte del supervisor. R1-Acc1: se aporta monitoreo y evidencia que no está relacionada con la acción propuesta, ya que hace referencia a instructivo. Se recomienda desarrollar lo planteado toda vez que un procedimiento podria aportar la mitigación del riesgo que permita que el control permita un óptimo seguimiento, control, verificación y cumplimiento de las obligaciones que conlleven a la autorización del trámite de pagos y desembolsos. Se solicita abstener se de realizar reportes y anexar evidencias no relacionadas con la gestión planteada ya que esto dificulta la labor de monitoreo por parte de la segunda y tercera línea de defensa. Según la evidencia R1-Ctrl1, registro N°1, "no" a la pregunta ¿CUMPLE PARA CONTINUAR EL TRÁMITE?, es decir, que acorde con lo planteado en caso de desviación en la ejecución del control, el responsable debe, mediante comunicación externa (Gesdoc) o correo electrónico, notificar las observaciones encontradas al ente territorial en el marco de convenios interadministrativos, para que se subsane y se remitan los soportes y/o documentos que se deben ajustar la modificación 1 (prorroga), actualización de las pólizas y certificación bancaria, caso similares para autorización de desembolso, para los registros No. 8, 11 y 12, no obstante no se aportó evidencia de la ejecución de la acción en caso de desviación del control, por lo que no se puede establecer que el mismo fue ejecutado conforme lo planteado. Se recomienda verificar la pertinencia de documentar la evidencia denominada matriz de seguimiento control, verificación, y cumplimiento de obligaciones apta tramite de pagos y desembolsos para fortalecer la formalización de un procedimiento, así como sus actividades del ciclo de vida de los proyectos de infraestructura y permitir su vinculación con la demás documentación (Formatos, instructivos y guías del proceso). Indicadores: Se verifica el reporte de la medición el contenido del formato DE-FR-002; no obstante el proceso no documentó evidencias de la medición del indicador, se recomienda utilizar el formato dispuesto por la segunda línea de defensa para el monitoreo de indicadores.
A30: Apoyo a la Infraestructura Técnica y Científica | B30: =VLOOKUP(A30,'Listas deplegables'!$A$2:$B$19,2,0) -> ATC | J30: Si | K30: Cada vez que se requiera, el profesional de apoyo financiero asignado al GIT de infraestructura -Profesional financiero de la Dirección de recursos y Herramientas del SND, debe revisar, verificar y validar el cumplimiento de los requisitos establecidos en la minuta del convenio y/o contrato para iniciar el trámite de desembolso o pago. El supervisor y/o apoyo a la supervisión, de acuerdo con los términos establecidos en la minuta de cada uno de los contratos o convenios y en concordancia con el BS-MN-003 Manual de Supervisión e Interventoría y el BS-MN-002 Manual de contratación, realiza la verificación y validación de los requisitos aportados por la interventoría de los contratos y/o convenios para el desembolso, a través del documento de trabajo: Matriz de seguimiento control, verificación, y cumplimiento de obligaciones apta tramite de pagos y desembolsos En caso de identificar desviaciones de la ejecución del control, mediante comunicación externa (Gesdoc) o correo electrónico, se notifican observaciones encontradas según sea el caso a: Entes territoriales en el marco de convenios y contratos interadministrativos, a interventorías o a convenios solidarios, para que se subsane y se remitan los soportes y/o documentos que se deben anexar o modificar para la continuidad del trámite de desembolso. De la ejecución de los controles se generará la siguiente evidencia: Matriz de seguimiento control, verificación, y cumplimiento de obligaciones apta tramite de pagos y desembolsos | L30: Preventivo | M30: Si | N30: Si | O30: Si | P30: Reducir (Mitigar) | Q30: Extremo | R30: Si | S30: Si | T30: Crear el procedimiento que se debe surtir para el desembolso y demas temas financieros atribuibles al contrato convenio y compartirlo con los entes ejecutores | U30: No aplica | V30: No aplica
A31: Apoyo a la Infraestructura Técnica y Científica | B31: =VLOOKUP(A31,'Listas deplegables'!$A$2:$B$19,2,0) -> ATC | C31: Posibilidad de recibir o solicitar cualquier dádiva o beneficio a nombre propio o de terceros por la financiacion y cofinanciacion de proyectos que no cumplen con los requisitos establecidos en la minuta | D31: No | E31: 45595 | F31: 45777 | G31: 45783 | H31: Misional | I31: Alto | J31: Si | K31: Semestralmente se designa un profesional del GIT Infraestuctura para verificar de manera aleatoria de los proyectos con concepto favorable con el fin de identificar si efectivamente cumplen con el lleno de requisitos establecidos en el formato de procedimiento ATC-PD-007 con el fin de identificar que se este cumpliendo con los requisitos de revision de proyectos y de procedimientos establecidos. De la ejecucion del control se emitira un informe semestral | L31: Detectivo | M31: Si | N31: Si | O31: Si | P31: Reducir (Mitigar) | Q31: Alto | R31: No | S31: Si | T31: Actualizar procedimiento de revision de proyetos acorde a la resolucion | U31: No aplica | V31: No aplica | W31: No | X31: No aplica | Y31: No aplica | Z31: No aplica | AA31: Si | AB31: 0 | AC31: La redacción del riesgo no considera los cuatro (4) elementos para los riesgos de corrupción, no se refiere a daño económico o reputacional, ni la desviación específica de la gestión de lo público de manera que recomienda revisar y ajustar la redacción del riesgo. Se recomienda evaluar el nivel de riesgo inherente, dado que el proceso ha sido establecido con un riesgo alto y considerando las causas identificadas su zona de Riesgo podría ser extremo, para ello se sugiere atender el procedimiento y formato, dando respuesta a las 19 preguntas para la clasificación de impacto. R2-Ctrl-1: El responsable del control debería considerar la inclusión del directivo del proceso de Atención al Ciudadano, ya que el coordinador del GIT de Infraestructura y/o el líder del equipo de revisión de proyectos podrían tener un conflicto de interés debido a su rol en la supervisión de los convenios. La descripción del riesgo R2-Ctrl-1: No indica la desviación de la ejecución control establecido. No se evidenció ejecución de los controles en el periodo, de acuerdo a la periodicidad del control se observa avance registrado. se deja alerta al proceso para que inicie ejecución de las acciones en las fechas programadas, con el fin de mitigar el riesgo de corrupción, se recomienda al proceso establecer una periodicidad de los controles. No se aporta evidencias por parte del proceso en la carpeta SharePoint, para este riesgo. Controles: La Actualización Procedimiento de revisión de proyectos acorde a la resolución: ATC-PD-007: Revisión de Proyectos de Infraestructura" no es claro, la aplicación del control ni la descripción de cómo se lleva a cabo el mismo en el periodo. Plan de tratamiento: R2-Acc-1: Na acción esta programada por el proceso para realizar entre 31/07/2025 al 20/10/2025, por tanto, no se registró. Los indicadores se requieren aportar evidencia de su aplicación en el documento de trabajo, ya que se detalla que su medición es cuatrimestral, se recomienda verificar la consistencia entre la frecuencia del control y los indicadores. Ahora bien, en la medición del Medición del Indicador del Desempeño del Control se describe: "50 proyectos radicados incorrectamente , sin cumplir con el procedimiento ATC-PD-007" por lo que se recomienda la verificación del reporte ya que esto podría ser un indicio de materialización del riesgo, por la manera en que está formulado el indicador.
A32: Servicio Integral al Ciudadano | B32: =VLOOKUP(A32,'Listas deplegables'!$A$2:$B$19,2,0) -> SI | C32: Posibilidad de recibir o solicitar cualquier dádiva o beneficio a nombre propio o de terceros por omitir el registro de PQRSD en los canales presenciales, telefónicos y chat | D32: No | E32: 45658 | F32: 45769 | G32: 45778 | H32: Apoyo | I32: Alto | J32: Si | K32: La coordinadora del grupo interno de trabajo de Servicio Integral al Ciudadano verifica que los responsables de la atención de canales realicen el registro en GESDOC de las atenciones a traves del un cierre diario de la gestión sobre los canales presencial, telefónico y chat . En caso de encontrar faltantes en los registos diarios se realiza el llamado de atención al responsable.. Evidencia: Reporte de gesdoc de atenciones por canal presencial, telefónico y chat e Informe trimestral de PQRSD | L32: Preventivo | M32: Si | N32: Si | O32: Si | P32: Reducir (Mitigar) | Q32: Moderado | R32: Si | S32: Si | T32: Documentar un formato de registro diario de las atenciones para los canales presencial, telefónico y chat | U32: No aplica | V32: No aplica | W32: No | X32: No aplica | Y32: No aplica | Z32: No aplica | AA32: Si | AB32: 0 | AC32: La redacción del riesgo no considera los cuatro (4) elementos para los riesgos de corrupción, no se refiere a daño económico o reputacional, ni la desviación específica de la gestión de lo público de manera que recomienda revisar y ajustar la redacción del riesgo. Acorde con el riesgo formulado se recominda al proceso (SI) realizar la identificación de causas relacionadas con garantizar el anonimato de los usuarios y funcionarios que interponen una denuncia, presiones ocultas para inducir a la omisión de radicación de peticiones por motivaciones poco éticas y evasión del procedimiento, debilidades en aplicación de sanciones displiciplinarias por no registrar una PQRSD. En la matriz el proceso (SI) dilgencio por error de transcripción como misional, en vez de apoyo. Considerando que el el plan de tratamiento documentará un registro diario de las atenciones para los canales presencial, telefónico y chat, se prevé en el periodo de 01/07/2025 al 30/11/2025, el proceso no aportó avances Se recomienda verificar el nivel de riesgo inherente, dado que no se evidencia el diligenciamiento de la Tabla de Impacto y la respuesta a los interrogantes que permite la clasificación en el mapa de calor
A33: Gestión de TIC'S | B33: =VLOOKUP(A33,'Listas deplegables'!$A$2:$B$19,2,0) -> GT | C33: Posibilidad de afectación económica o reputacional por acceder, facilitar el acceso o alterar los datos de los sistemas de información de la entidad con el fin de beneficiarse a nombre propio o de terceros | D33: Si | E33: 45955 | F33: 45772 | G33: 45782 | H33: Apoyo | I33: Alto | J33: Si | K33: Cada vez que se requiera, el Coordinador del GIT TIC's verificará que los niveles de acceso concedidos a los usuarios correspondan a los solicitados a través de los canales de atención En caso de identificar desviaciones en la ejecución del control, notificará al grupo de Soporte de GIT TIC´S para que revoque los permisos no solicitados. De la ejecución de los controles se generará la siguiente evidencia: reporte de usuarios y permisos por aplicación. | L33: Preventivo | M33: Si | N33: Si | O33: Si | P33: Reducir (Mitigar) | Q33: Alto | R33: Si | S33: Si | T33: Actualizar y solicitar la publicación de los documentos del proceso en el Sistema de Gestión de Calidad | U33: No | V33: No | W33: No | X33: No aplica | Y33: No aplica | Z33: No aplica | AA33: Si | AB33: 0 | AC33: Referente a la ejecución del Plan de Tratamiento de manera eficaz referente con la actualización y publicación de los documentos del proceso en el Sistema de Gestión de Calidad no precisa si es para la mejora de establecer una política de gobernanza TIC y divulgarla institucionalmente. Por otra, parte en el plan de tratamiento del riesgo a nivel especifico podria considerar establecer lineamientos para los permisos de acceso no revocados a tiempo. Se recomienda ajustar los indicadores cumplimiento para permisos de acceso no revocados a tiempo, autorización de acceso a las aplicaciones correctas en el momento adecuado, corrección de vulnerabilidades para mejorar la implementación de la seguridad y la eficiencia de los permisos de acceso. El proceso indica que los documentos actualizados aprobados en el Sistema de Gestión de Calidad se presentan con fecha limite del 30/11/2025, a la fecha no presenta evidencia:bitácora de incidentes de seguridad de la información, Inventario Proyectos Especiales de Tecnología, operación de Backus y restauración de información, política de seguridad de la información, POLITICA DE SEGURIDAD DE LA INFORMACIÓN, Proyectos Especiales de Tecnología, Recolección de Evidencia Digital, Reporte de Incidentes de Seguridad de la Informaciòn. R1C1: Se evidencia reporte excel del listado usuario expirados, la Oficina de Control Interno recomienda verificar la evidencia establecida, toda vez, que la misma no se permite determinar si corresponde al "reporte de usuarios y permisos por aplicación" como se describe con el control. El proceso en el documento de retroalimentación realizada por la Segunda Línea al proceso (GT) manifiesta que la ejecución del control se reporta en estado pendiente. La evidencia del RC2 no corresponde con lo establecido en la descripción del riesgo. A su vez, no se encuentra, la descripción del indicador que permita verificar la efectividad de la socialización de la politica de seguridad de informacion y régimen sancionatorio ante acceso informático indebido vigentes mediante piezas de comunicación y charlas en las que se incluyan tips de seguridad de la información. El profesional experto en ciberseguridad se contrató el 14 de abril 2025, finalizando el primer cuatrimestre de seguimiento de riesgos 2025, tal como consta: el CPSP 315 de 2025, considerando el plan de tratamiento esto conlleva a que la evidencia de los Accesos indebidos bloqueados, se debe considerar la programación de la ejecución de las acciones.
A34: Gestión de TIC'S | B34: =VLOOKUP(A34,'Listas deplegables'!$A$2:$B$19,2,0) -> GT | J34: Si | K34: Semestralmente, el Coordinador del GIT TIC's socializará la politica de seguridad de informacion y régimen sancionatorio ante acceso informático indebido vigentes mediante piezas de comunicación y charlas en las que se incluyan tips de seguridad de la información. En caso de identificar desviaciones en la ejecución del control, se remitirá a la visualización de las charlas publicadas en la sección Seguridad de la Información en la Intranet institucional. De la ejecución de los controles se generará la siguiente evidencia: Listados de asistencia a las socializaciones y cuando aplique a las grabaciones. | L34: Preventivo | M34: Si | N34: Si | O34: Si | P34: Reducir (Mitigar) | Q34: Alto | R34: No aplica | S34: Si | T34: Accesos indebidos bloqueados | U34: No | V34: Si
A35: Gestión del Talento Humano | B35: =VLOOKUP(A35,'Listas deplegables'!$A$2:$B$19,2,0) -> GH | C35: Posibilidad afectación económica y reputacional por Recibir o solicitar dadivas o beneficio por direccionamiento de vinculación en favor propio o de un tercero debido a las posibles debilidades en la implementación de procesos y procedimientos internos | D35: No | E35: 45643 | F35: 45772 | G35: 45783 | H35: Apoyo | I35: Alto | J35: Si | K35: El Profesional designado por el Coordinador de GIT Talento Humano debera verificar que los documentos de los candidatos a cubrir las vacantes cumpla con los requisitos establecidos en el manual de funciones, mediante la actualización del Procedimiento de Vinculación de Servidores Públicos, revisando que queden estipulados todos los requisitos y controles del proceso de vinculación de los funcionarios. | L35: Preventivo | M35: Si | N35: Si | O35: No | P35: Reducir (Mitigar) | Q35: Alto | R35: No | S35: Si | T35: Gestionar mediante mesas de trabajo, la revisión del manual de funciones | U35: No | V35: No | W35: No | X35: No aplica | Y35: No aplica | Z35: No aplica | AA35: No | AB35: 0 | AC35: La redacción del riesgo no considera los cuatro (4) elementos para los riesgos de corrupción, no se refiere a la desviación específica de la gestión de lo público y el beneficio privado de manera que recomienda revisar y ajustar la redacción del riesgo. R1-Ctrl 1: El proceso GH no ha iniciado la actividad de control. Se recomienda dar celeridad al inicio de la actualización del procedimiento "Vinculación de Servidores Públicos", con el fin de establecer puntos de control asociados a la verificación de requisitos para cubrir vacantes, en concordancia con el Manual de Funciones. Así mismo, y conforme a los lineamientos establecidos por la OAP, los controles o planes de tratamiento que involucren la actualización o creación de documentos no deberán superar como plazo el segundo cuatrimestre del año. R1-Acc1: Actividad no iniciada, asociada a la revisión del manual de funciones, pese a que tenia fecha de ejecución en febrero, se recomienda actualizar. Manifiesta la segunda línea: "A pesar de que la OAP estableció un documento de trabajo para el monitoreo y la medición de los indicadores, este no fue implementado. Asimismo, en el mapa de riesgos, el proceso en la medición, señalado como “N/A”, sin evidencia de seguimiento alguno. Esta situación impide realizar monitoreo eficiente". No se presentan evidencias de la ejecución de controles, acciones, medición de indicadores, por lo que no se permite concluir que el proceso esté realizando tratamiento al riesgo de corrupción identificado. En adición, el control presenta dos actividades en una, por lo que se recomienda separa la verificación de requisitos de la actualización del procedimiento.
A36: Gestión Documental | B36: =VLOOKUP(A36,'Listas deplegables'!$A$2:$B$19,2,0) -> GD | C36: Posibilidad de afectación economica y reputacional al recibir cualquier dádiva o beneficio a nombre propio o de terceros con el fin de omitir información o perdida de expedientes del archivo central. | D36: No | E36: 45645 | F36: No diligenciado | G36: 45783 | H36: Apoyo | I36: Alto | J36: Si | K36: De acuerdo con el cronograma establecido de capacitaciones, el profesional en Gestión Documental, debe socializar los lineamientos de la Gestión Documental frente al manejo del archivo y la información. En caso de identificar desviaciones en la ejecución del control, ajustar el cronograma de capacitación según la necesidad y cambios a que haya lugar con la debida justificación. De la ejecución de los controles se generará la siguiente evidencia: Piezas comunicativas socializadas en la intranet y listas de asistencia. | L36: Preventivo | M36: Si | N36: Si | O36: No | P36: Reducir (Mitigar) | Q36: Moderado | R36: Si | S36: Si | T36: Realizar encuestas a los funcionarios y contratistas para identificar la apropiacion de conocimientos adquiridos por los funcionarios y contratistas cada vez que se realice la difusión de la información | U36: Si | V36: Si | W36: No diligenció la casilla | X36: No diligenció la casilla | Y36: No diligenció la casilla | Z36: No diligenció la casilla | AA36: No | AB36: 0 | AC36: La redacción del riesgo no considera los cuatro (4) elementos para los riesgos de corrupción, no se refiere a la desviación específica de la gestión de lo público y el beneficio privado En la matriz, el proceso GD no diligenció las casillas correspondientes a la materialización de riesgos. Asimismo, la segunda línea no registró ningún pronunciamiento al respecto en el formato DE-FR-002. No obstante, se evidencia que se ha realizado seguimiento a través de correo electrónico. Se recomienda a la segunda línea documentar dicho seguimiento y dejar trazabilidad en el formato y en la casilla dispuesta para tal fin. Es importante tener en cuenta que el documento cargado en Isolucion no permite el acceso a SharePoint, lo que afecta la trazabilidad del monitoreo. En R-Ctrl 1 no se encuentran los listados de asistencia que evidencian el cumplimiento de las fechas establecidas en el cronograma del plan de capacitación (GD). No obstante, el proceso (GD) en aras de la descripción del control, podría ajustar el cronograma de capacitación según la necesidad y cambios a que haya lugar con la debida justificación, tal como se encuentra en los listados de asistencia identificados en el R1-Ctrl 3. En el plan de tratamiento R1-Ctrl 2 no se evidencia la "Comunicación de salida solicitando cotización de espacios fisicos". Además no hay coherencia entre la acción y el soporte de la acción mencionadas en el plan de tratamiento. Teniendo en cuenta, que no es posible determinar que los controles sean ineficaces o efectivos, no es coherente, que se encuentre en Zona de Riesgo Residual Final moderado. Con respecto, al informe de resutados R1-Ctrl 1 se recomienda incluir análisis de información para la toma de decisiones que permitan la mejora continúa para la apropiacion de conocimientos adquiridos por los funcionarios y contratistas, cada vez, que se realice la difusión de la información. Se recomienda al proceso incluir la periodicidad de la ejecución de los controles. La evidencia R1-Ctrl 3 correspondiente con el HOJA DE CONTROL / INDICE DE INFORMACIÓN - GD-FR-038 no fue aportada por parte del proceso (GD)
A37: Gestión Documental | B37: =VLOOKUP(A37,'Listas deplegables'!$A$2:$B$19,2,0) -> GD | J37: Si | K37: El Coordinador GIT de Gestión Administrativa, gestiona espacios fisicos para el almacenamiento del acervo documental del archivo central, a través de los Comités Institucionales de Gestión y Desempeño el Git de Administrativa presenta la necesidad de adquirir espacios fisicos adecuados para el almacenamiento del acervo documental. En caso de identificar desviaciones en la ejecución del control, el coodinador del GIT Gestión Administrativa enviará comunicación interna al ordenador del gasto exponiendo las debilidades que el proceso de gestión documental tiene en la actualidad, que conllevaria a la materialización del riesgo . De la ejecución de los controles se generará la siguiente evidencia: solicitud cotizaciones, Acta de Comité de Gestión (presentación del GIT Administrativa, y memorando interno (cuando aplique). | L37: Preventivo | M37: Si | N37: Si | O37: No | P37: Reducir (Mitigar) | Q37: Moderado | R37: Si | S37: Si | T37: Reforzar capacitaciones de gestión documental adicionales por demanda | U37: No | V37: No
A38: Gestión Documental | B38: =VLOOKUP(A38,'Listas deplegables'!$A$2:$B$19,2,0) -> GD | J38: Si | K38: El profesional en Gestión Documental cuando se requiera, valida la integridad de los expedientes producidos por los diferentes Grupos Internos de Trabajo. A través de visitas a las dependencias se diligencia para aquellas series compuestas el formato GD-FR-038 " Hoja de control / Indice de Información. En caso de identificar desviaciones en la ajecución del control, se debe aplicar el procedimiento Reconstrucción de Expedientes " . De la ejecución de los controles se generará la siguiente evidencia: Acta de visitas a las dependencias y registro GD-FR-038. | L38: Preventivo | M38: Si | N38: Si | O38: No | P38: Reducir (Mitigar) | Q38: Moderado | R38: No | S38: Si | T38: Realizar por semestre una (1) Pieza comunicativa sobre el procedimiento de reconstrucción de expedientes Realizar informe de seguimiento anual | U38: Si | V38: Si
A39: Adquisición de Bienes y Servicios | B39: =VLOOKUP(A39,'Listas deplegables'!$A$2:$B$19,2,0) -> BS | C39: Posibilidad de Afectación Reputacional por recibir cualquier dádiva o beneficio a nombre propio o de terceros por el direccionamiento indebido de procesos de contratación | D39: No | E39: 45642 | F39: 45770 | G39: 45783 | H39: Apoyo | I39: Extremo | J39: Si | K39: Cada vez que se requiera, el Coordinador GIT Contratación Realiza el seguimiento a los procesos asignados a cada estructurador en aras que los contratos se suscriban en un tiempo adecuado. Se realiza el reparto de los procesos a los estructuradores, evidenciando la fecha de asignación del proceso y la fecha de suscripción del contrato en caso de identificar desviaciones en la ejecución del control, propender por la reasignación oportuna a nuevo personal que garantize la continuidad del servicio. De la ejecución de los controles se generará la siguiente evidencia: Muestra de correos asignando los procesos a los estructuradores y/o base de datos con los procesos asignados a cada estructurador | L39: Preventivo | M39: Si | N39: Si | O39: Si | P39: Reducir (Mitigar) | Q39: Extremo | R39: Si | S39: Si | T39: Realizar la actualización de la base de contratación cada vez que se realice una nueva solicitud, es decir incluir aquellas que estan en trámite, para garantizar un seguimiento | U39: No | V39: Si | W39: No | X39: No aplica | Y39: No aplica | Z39: No aplica | AA39: Si | AB39: 0 | AC39: La redacción del riesgo no considera los cuatro (4) elementos para los riesgos de corrupción, no se refiere a la desviación específica de la gestión de lo público y el beneficio privado. La acción del plan de tratamiento planteada corresponde a la descripción del control denominado: base de datos con los procesos asignados a cada estructurador. Se recomienda, ajustar la acción de plan de tratamiento. Según soporte del la OAP denominado Retroalimentación primer monitoreo Mapas de riesgos 2025 12- Adquisición BYS, indica que "Se realizó verificación de las actas aportadas, evidenciándose que las actas numero 2,3,4 y 5 no están firmadas, solamente se evidencia las firmas correspondientes del acta".
A40: Adquisición de Bienes y Servicios | B40: =VLOOKUP(A40,'Listas deplegables'!$A$2:$B$19,2,0) -> BS | J40: Si | K40: Cada vez que se requierael Coordinador GIT Contratación Cita al Comite de Contratación para que se revisen los procesos que tengan un valor superior a la miníma cuantia, y se hagan las recomendaciones necesarias para adelantar la gestión contractual de la mejor manera posible. Se realiza la convocatoria a través de la plataforma Teams acorde alas necesidades expuestas por las áreasEn caso de identificar desviaciones en la ejecución del control, se revisará la normativa para garantizar la legalidad de los procesos que se adelanten. De la ejecución de los controles se generará la siguiente evidencia: Actas y/o grabaciones del Comité de Contratación | L40: Preventivo | M40: Si | N40: Si | O40: Si | P40: Reducir (Mitigar) | Q40: Extremo | R40: Si
A41: Gestión Financiera | B41: =VLOOKUP(A41,'Listas deplegables'!$A$2:$B$19,2,0) -> GF | C41: Posibilidad de Afectación Económica y Reputacional por posibles comportamientos no éticos de los empleados y fraude interno (corrupción, soborno), debido a Incurrir en inconsistencias en el desarrollo de las actividades asociadas a las Conciliaciones Bancarias que no sean conformes con los lineamientos del proceso de Gestión Financiera y la legislación vigente y a la falta de verificación de cálculos para pagos internos y externos que conlleva a errores, pagos que no sean conformes con los lineamientos de la Entidad y/o la legislación vigente, que no refleje la realidad financiera de la Entidad e impida la optimización de los recursos, sin el cumplimiento de los requisitos establecidos por el proceso de Gestión Financiera | D41: No | E41: 45589 | F41: 45772 | G41: 45782 | H41: Apoyo | I41: Extremo | J41: Si | K41: Cada vez que se requiera, el Coordinador (a) del GIT Tesorería y/o profesionales designados, debe conciliar la información financiera generada de las actividades desarrolladas teniendo en cuenta lo dispuesto en el procedimiento GF-PD-019 del proceso de Gestión Financiera, mediante el cruce de información de los registros efectuados . En caso de identificar desviaciones en la ejecución del control, se efectúan los ajustes requeridos mediante las transacciones dispuestas para tal fin. De la ejecución del control se generará la siguiente evidencia: Formato GF-FR–010 Conciliación Bancaria firmado o correo electrónico de devolución para ajuste. | L41: Detectivo | M41: Si | N41: Si | O41: Si | P41: Reducir (Mitigar) | Q41: Extremo | R41: Si | S41: Si | T41: 1. Elaborar el procedimiento de Gestión de Pagos, donde se evidencian las actividades del GIT Tesorería. | U41: Si | V41: Si | W41: No | X41: No aplica | Y41: No aplica | Z41: No aplica | AA41: Si | AB41: 0 | AC41: La redacción del riesgo no considera los cuatro (4) elementos para los riesgos de corrupción, no se refiere a la desviación específica de la gestión de lo público y el beneficio privado, por lo que se recomienda ajustar su descripción. Se evidencia monitoreo de primera y segunda línea de defensa, debidamente documentados.
A42: Gestión Financiera | B42: =VLOOKUP(A42,'Listas deplegables'!$A$2:$B$19,2,0) -> GF | J42: Si | K42: Cada vez que se requiera, El Coordinador (a) del GIT Tesorería y/o profesionales designados, debe verificar que la información financiera radicada por las dependencias ejecutoras de recursos cumplan con las directrices impartidas por la Entidad y la normatividad vigente aplicable, por medio de la validación de la documentación. Para el caso de cuentas se realiza contra el formato GF-FR-020, para los casos de expedición o modificación de CDP vía SISEG o formato según corresponda y Registros Presupuestales con la documentación soporte adjunta y para las Ordenes de Pago la verificación visual de la información. En caso de identificar desviaciones en la ejecución del control, se debe devolver la solicitud mediante el formato de Devolución de documentos GF-FR-016 o en SISEG según corresponda. De la ejecución del control se generará la siguiente evidencia: Devolución de documentos mediante el Formato GF-FR-016 o devolución en SISEG según corresponda | L42: Detectivo | M42: Si | N42: Si | O42: Si | P42: Reducir (Mitigar) | Q42: Extremo | R42: Si | S42: Si | T42: 1. Actualizar el procedimiento GF-PD-019-Conciliaciones Bancarias, incluyendo las políticas de operación necesarias y la normatividad vigente. | U42: No aplica | V42: No aplica
A43: Gestión Jurídica | B43: =VLOOKUP(A43,'Listas deplegables'!$A$2:$B$19,2,0) -> GJ | C43: Posibilidad de recibir cualquier dádiva o beneficio para ejercer una deficiente defensa técnica judicial en el marco de las contestaciones de tutelas. | D43: No | E43: 45595 | F43: 45772 | G43: 45783 | H43: Apoyo | I43: Extremo | J43: Si | K43: Cada vez que se requiera ,el Jefe Oficina Asesora Jurídica, debe revisar y verificar que el contenido de las respuestas a las acciones de tutela remitidos a la Oficina, cumpla con la línea jurídica de la Entidad, a través de la validación del documento mediante la firma del mismo. En caso de identificar desviaciones en la ejecución del control, Solicitar los ajustes del documento al responsable asignado para dar respuesta al requerimiento . | L43: Preventivo | M43: Si | N43: Si | O43: Si | P43: Reducir (Mitigar) | Q43: Extremo | R43: Si | S43: Si | T43: Socializar al personal de la Oficina Asesora Jurídica el Procedimiento Contestación de acciones de Tutela, para su conocimiento e implementación. | U43: Si | V43: Si | W43: No | X43: No aplica | Y43: No aplica | Z43: No aplica | AA43: Si | AB43: 0 | AC43: La redacción del riesgo no considera los cuatro (4) elementos para los riesgos de corrupción, no se refiere a daño económico o reputacional, ni la desviación específica de la gestión de lo público y el beneficio privado, de manera que recomienda revisar y ajustar la redacción del riesgo. Las acciones 2,3, 4 no presentan cumplimiento por cuanto están previstas para segundo y tercer cuatrimestre.
A44: Gestión Jurídica | B44: =VLOOKUP(A44,'Listas deplegables'!$A$2:$B$19,2,0) -> GJ | S44: Si | T44: Realizar tres (3 )revisiones aleatorias de la aplicación el procedimiento de Acciones de Tutela con el personal de la Oficina Asesora Jurídica. | U44: No aplica | V44: No aplica
A45: Gestión Jurídica | B45: =VLOOKUP(A45,'Listas deplegables'!$A$2:$B$19,2,0) -> GJ | S45: Si | T45: Incluir en la base de datos de la Oficina Asesora Jurídica, el fundamento de derecho empleado para la contestación de tutelas . | U45: No aplica | V45: No aplica
A46: Gestión Jurídica | B46: =VLOOKUP(A46,'Listas deplegables'!$A$2:$B$19,2,0) -> GJ | S46: Si | T46: Elaborar un (1) informe mediante el cual se detalle la importancia de la socialización del procedimiento de Contestación de Acciones de Tutela al personal de la Oficina Asesora Jurídica. | U46: No aplica | V46: No aplica
A47: Gestión de los Recursos Físicos | B47: =VLOOKUP(A47,'Listas deplegables'!$A$2:$B$19,2,0) -> RF | C47: Posibilidad de recibir o solicitar cualquier dádiva o beneficio a nombre propio o de terceros por la falta de control sobre la asignacion y traslado de los bienes de propiedad del Ministerio del Deporte debido a la inexistencia de procedimientos asociados al proceso de recursos fisicos frente al tema de inventario | D47: No | E47: 45975 | F47: 45775 | G47: 45783 | H47: Apoyo | I47: Moderado | J47: Si | K47: Anualmente, el profesional especializado con funciones de almacenista, realiza inventario a los elementos en servicio y deposito, para verificar su existencia, estado de conservación y validar si procede para darlos de baja de acuerdo a nivel de obsolescencia. En caso de identificar desviaciones en la ejecución del control se reporta al Coordinador del GIT Gestión Administrativa y a la Ordenación del Gasto para tomar acciones respectivas (Informar la falta de elementos; dar de baja elementos). De la ejecución del control se generara la siguientes evidencias: Listado de elementos en servicio por funcionario generado través del aplicativo de inventarios | L47: Preventivo | M47: No | N47: Si | O47: No | P47: Reducir (Mitigar) | Q47: Moderado | R47: No | S47: Si | T47: Crear el procedimiento para el seguimiento y control de los inventarios. | U47: No | V47: No | W47: No | X47: No aplica | Y47: No aplica | Z47: No aplica | AA47: No | AB47: 0 | AC47: La redacción del riesgo no considera los cuatro (4) elementos para los riesgos de corrupción, no se refiere a daño económico o reputacional, ni la desviación específica de la gestión de lo público y el beneficio privado, de manera que recomienda revisar y ajustar la redacción del riesgo. Se recomienda revisar la valoración del riesgo ya que no se evidencia el diligenciamiento completo de la Tabla de Impacto, lo que puede estar afectando la zona de riesgo inherente y por tanto el posterior resultado del riesgo residual. Se recomienda realizar el inventario a los elementos en servicio y deposito para verificar su existencia, estado de conservación y validar si procede para darlos de baja de acuerdo a nivel de obsolescencia con una frecuencia semestral en el el procedimiento para el seguimiento y control de los inventarios. Según lo descrito por el proceso (RF) en el formato: seguimiento indicadores 30/04/2025: "La compilación y organización de los soportes se ha visto afectada por la intensidad en las labores diarias, por ello se incluirá la documentación en el próximo reporte" No anexa evidencia porque su periodicidad es anual, así no presentó medición de los indicadores formulados Se sugiere revisar el planteamiento del riesgo y la causa raíz dado que la evidencia no se relaciona directamente con lo mencionado.
A48: Gestión de los Recursos Físicos | B48: =VLOOKUP(A48,'Listas deplegables'!$A$2:$B$19,2,0) -> RF | J48: Si | K48: Cada vez que se requiera, el Coordinador del GIT Gestión Administrativa recibe y aprueba la solicitud de retiro de las instalaciones de la entidad elementos de propiedad del Ministerio del Deporte, notificando a la empresa de vigilancia y al almacenista para que este a su vez reporte a la empresa corredora de seguros, En caso de identificar desviaciones en la ejecución del control, solicitar a los implicados de manera inmediata la devolución de los elementos. En el caso que el equipo de computo de propiedad de la Entidad sea retirado, requiere de autorización previa de la coordinacion de TICS. De la ejecución del control se generara la siguientes evidencias: Correo Electrónico de solicitudes. | L48: Detectivo | M48: Si | N48: Si | O48: Si | P48: Reducir (Mitigar) | Q48: Moderado | R48: No
A49: Gestión de los Recursos Físicos | B49: =VLOOKUP(A49,'Listas deplegables'!$A$2:$B$19,2,0) -> RF | J49: Si | K49: Cada vez que se requiera, el profesional, accede a software de inventarios SOAWEB mediante usuario personalizado e ingresa la informacion correspondiente a entradas, salidas y traslados de elementos. . En caso de encontrar desviacion se impleemtara el tratamiento de acuerdo con lo establecio en el manual de almacen MN-RF-001 De la ejecución del control se generará la siguiente evidencia: registro de la asignación de equipos y elementos y registro consolidado de elementos en servicio a cargo del funcionario. | L49: Preventivo | M49: Si | N49: Si | O49: Si | P49: Reducir (Mitigar) | Q49: Moderado | R49: No
A50: Evaluación Independiente y Mejora Continua | B50: =VLOOKUP(A50,'Listas deplegables'!$A$2:$B$19,2,0) -> EI | C50: Posibilidad de afectación económica y reputacional derivada de la acción u omisión consistente en recibir o solicitar dádivas o beneficios, haciendo uso del poder conferido, con el fin de manipular los resultados de informes de auditoría o seguimiento, desviando así la gestión de lo público para favorecer procesos, terceros, dependencias o con fines de beneficio personal | D50: Si | E50: 45782 | F50: 45782 | G50: 45783 | H50: Evaluación | I50: Extremo | J50: Si | K50: Cada vez que se realice un trabajo, el Jefe de la Oficina de Control Interno o quien haga sus veces, revisará que el informe cumpla con los lineamientos establecidos en las políticas y procedimientos del proceso, el código de ética y el estatuto de auditoría interna, mediante la revisión ocular de la información contenida en la carpeta de SharePoint y el informe proyectado. Se mantendrá mediante correo electrónico, la trazabilidad de todas las revisiones y aprobaciones realizadas por el jefe para asegurar la efectividad del control. En caso de encontrar desviación del control, en la que se detecte posibles incumplimientos u omisión por parte del auditor, el informe será devuelto al auditor para su corrección explicitando la posible desviación. No serán tenidas en cuenta como desviaciones las devoluciones para ajustes de forma. De la ejecución del control se genera las siguiente evidencia: Correo(s) de revisión de los informes realizados por el equipo auditor o acta de revisión del informe. | L50: Preventivo | M50: Si | N50: Si | O50: Si | P50: Reducir (Mitigar) | Q50: Extremo | R50: Si | S50: Si | T50: Desarrollar mesa de trabajo de socialización del Código de Ética del Auditor Interno | U50: No aplica | V50: No aplica | W50: No | X50: No aplica | Y50: No aplica | Z50: No aplica | AA50: Si | AB50: 0 | AC50: La OCI se abstiene de generar resultados para este riesgo, teniendo en cuenta que fue identificado por la misma OCI, quien además realiza el presente seguimiento. Por tanto, estaría impedida de evaluarse así misma. El resultado de la revisión corresponde al registrado por la OAP: "De acuerdo con el rol de segunda línea que le corresponde a la Oficina Asesora de Planeación en la gestión del riesgo, se realizó el monitoreo del riesgo de corrupción, enfocado en la ejecución de controles, el plan de tratamiento y los indicadores asociados. En este sentido, se evidenció que el proceso llevó a cabo de manera adecuada el primer monitoreo de su mapa de riesgos. Únicamente se efectuó una observación relacionada con la redacción de la descripción del riesgo, la cual, una vez revisada por el proceso, fue ajustada de forma pertinente".
A51: Evaluación Independiente y Mejora Continua | B51: =VLOOKUP(A51,'Listas deplegables'!$A$2:$B$19,2,0) -> EI | J51: Si | K51: Cada vez que se designe un trabajo, el Jefe de la Oficina de Control Interno o quien haga sus veces, revisará que no exista posible conflicto de interés por parte del equipo auditor mediante la verificación del diligenciamiento del formato EI-FR-018, previo al inicio del trabajo. En caso de identificar desviaciones en la ejecución del control, tales como una manifestación de posible conflicto de interés, se evalúa el caso y de encontrar posible configuración se designa a otro auditor. El resultado de la evaluación se notificará al auditor que hizo la manifestación vía GESDOC o correo electrónico. De la ejecución del control se generará la siguiente evidencia: Formato EI-FR-018 Declaración de compromiso ético, conflicto de interés y confidencialidad del auditor interno firmada. Cuando aplique, GESDOC o correo electrónico con la respuesta a la manifestación realizada. | L51: Preventivo | M51: Si | N51: Si | O51: Si | P51: Reducir (Mitigar) | Q51: Extremo | R51: Si
A52: Gestión Proceso Disciplinario | B52: =VLOOKUP(A52,'Listas deplegables'!$A$2:$B$19,2,0) -> PD | C52: Posibilidad de recibir o solicitar cualquier dádiva o beneficio a nombre propio o de terceros para emitir una decisión que favorezca o perjudique al sujeto disciplinable por sustracción, ocultamiento o pérdida de información de los procesos disciplinarios activos. | D52: No | E52: No diligenciado | F52: 45769 | G52: 45783 | H52: Evaluación | I52: Moderado | J52: Si | K52: El Técnico/Profesional asignado Verifica el número de folios de los expedientes físicos, respecto de los expedientes digitalizados. Mensualmente, se realiza cotejo de la información de los Expedientes disciplinarios gestionados en el periodo, contenida en la base de datos, el aplicativo GESDOC, los Expedientes digitalizados en estado natural y por pieza documental , con el fin de establecer que la información física coincida en folios y contenido con la información digitalizada. En caso de encontrar desviación en la ejecución del control, se envía al gestor documental la alerta para que subsane las inconsistencias. La evidencia de la ejecución del control se materializa en el informe de calidad mensual remitido a la jefatura. | L52: Preventivo | M52: Si | N52: Si | O52: Si | P52: Reducir (Mitigar) | Q52: Moderado | R52: Si | S52: Si | T52: El técnico o profesional designado, remite a la jefatura un informe mensual de calidad, producto del cotejo de la información de la base de datos con los expedientes físicos y digitalizados. | U52: Si | V52: Si | W52: No | X52: No aplica | Y52: No aplica | Z52: No aplica | AA52: Si | AB52: 0 | AC52: La redacción del riesgo no considera los cuatro (4) elementos para los riesgos de corrupción, no se refiere a daño económico o reputacional, ni la desviación específica de la gestión de lo público y el beneficio privado, de manera que recomienda revisar y ajustar la redacción del riesgo. Se recomienda revisar la valoración del riesgo ya que no se evidencia el diligenciamiento completo de la Tabla de Impacto, lo que puede estar afectando la zona de riesgo inherente, y por tanto, el posterior resultado del riesgo residual. De acuerdo con la retroalimentación de la segunda línea y la verificación por parte de la OCI, se identifica la subsanación de la evidencia correspondiente con los informes del mes de enero, febrero y marzo de 2025.
A53: Gestión Proceso Disciplinario | B53: =VLOOKUP(A53,'Listas deplegables'!$A$2:$B$19,2,0) -> PD | J53: Si | K53: La jefatura de la Oficina de Control Interno Disciplinario verifica si la decisión adoptada se encuentra fundada en pruebas legalmente producidas y aportadas al proceso, que demuestren la existencia o no de la falta disciplinaria y la responsabilidad del investigado. Cada vez que los abogados sustanciadores, remiten a través del correo institucional,los proyectos de autos de sustanciación o interlocutorios, para la revisión y firma de la jefatura, quien revisa el contenido fáctico y jurídico de la decisión, en caso de presentar desviaciones la Jefe de la Oficina de Control Interno Disciplinario ajusta a las previsiones del Código General Disciplinario y se procede a la firma por la jefatura de la OCID. De la ejecución del control. Se aportan como evidencias: • Captura de pantalla de la remisión de los proyectos elaborados por los abogados sustanciadores, a través del correo institucional. • Captura de Pantalla de la Base datos de datos de los expedientes disciplinarios gestonados por la jefatura, (no se envía la documentación integral, teniendo en cuenta la reserva legal de la información disciplinaria) | L53: Preventivo | M53: Si | N53: Si | O53: Si | P53: Reducir (Mitigar) | Q53: Moderado | R53: Si | S53: Si | T53: 2. Informar a los funcionarios y contratistas de prestación de servicios, en reunión mensual o cuando se requiera, el cumplimiento de la normatividad aplicable al conflicto de intereses, inhabilidades e incompatibilidades en ejercicio de sus funciones y obligaciones contractuales. | U53: Si | V53: Si
B54: =VLOOKUP(A54,'Listas deplegables'!$A$2:$B$19,2,0) -> #N/A
B55: =VLOOKUP(A55,'Listas deplegables'!$A$2:$B$19,2,0) -> #N/A
B56: =VLOOKUP(A56,'Listas deplegables'!$A$2:$B$19,2,0) -> #N/A
B57: =VLOOKUP(A57,'Listas deplegables'!$A$2:$B$19,2,0) -> #N/A
B58: =VLOOKUP(A58,'Listas deplegables'!$A$2:$B$19,2,0) -> #N/A
B59: =VLOOKUP(A59,'Listas deplegables'!$A$2:$B$19,2,0) -> #N/A
B60: =VLOOKUP(A60,'Listas deplegables'!$A$2:$B$19,2,0) -> #N/A
B61: =VLOOKUP(A61,'Listas deplegables'!$A$2:$B$19,2,0) -> #N/A
B62: =VLOOKUP(A62,'Listas deplegables'!$A$2:$B$19,2,0) -> #N/A
B63: =VLOOKUP(A63,'Listas deplegables'!$A$2:$B$19,2,0) -> #N/A
B64: =VLOOKUP(A64,'Listas deplegables'!$A$2:$B$19,2,0) -> #N/A
B65: =VLOOKUP(A65,'Listas deplegables'!$A$2:$B$19,2,0) -> #N/A
... B103: =VLOOKUP(A103,'Listas deplegables'!$A$2:$B$19,2,0) -> #N/A
A104: x | B104: x | C104: x | E104: x | G104: x | H104: x | I104: x | J104: x | K104: x | L104: x | M104: x | N104: x | O104: x | P104: x | Q104: x | R104: x | S104: x | T104: x | U104: x | V104: x | W104: x | X104: x | Y104: x | Z104: x | AA104: x | AB104: x | AC104: x

Sheet Sg-MRF
A1: MATRIZ SEGUIMIENTO MAPA DE RIESGOS FISCALES
B2: Entidad: Ministerio del Deporte | I2: ¿Se adelantó seguimiento al Mapa de Riesgos Fiscales?
B3: Responsable: Tercera línea de defensa
B4: Seguimiento: Primer Cuatrimestre 2025 | I4: Si | J4: Primer y segunda línea de defensa
B5: Fecha de publicación: 15 de mayo de 2025
A6: SEGUIMIENTO Y EVALUACIÓN POR PARTE DE LA TERCERA LÍNEA DE DEFENSA
A8: FORMULACIÓN DE RIESGOS Y EVALUACIÓN | J8: VALORACIÓN DE LOS CONTROLES | S8: PLAN DE TRATAMIENTO | W8: MONITOREO, SEGUIMIENTO Y EVALUACIÓN
A9: Nombre del Proceso | B9: Siglas | C9: Descripción Riesgo | D9: ¿Cumple con la redacción del Riesgo Fiscal? | E9: Fecha de Elaboración o Actualización | F9: Fecha de Monitoreo 1a Línea de Defensa | G9: Fecha de Monitoreo 2da Línea de Defensa | H9: Tipo Proceso | I9: Zona de Riesgo Inherente | J9: ¿Presenta descripción de la valoración de controles? | K9: Descripción del Control | L9: Atributo del Control | M9: ¿Los controles son efectivos? | N9: ¿Los controles cuentan con responsables de su ejecución? | O9: ¿La periodicidad de los controles es oportuna para mitigar el riesgo? | P9: Tratamiento | Q9: Zona de Riesgo Residual Final | R9: ¿Se cuenta con evidencias de la ejecución del control? | S9: ¿Formuló Plan de Tratamiento (acciones)? | T9: Descripción del Plan de Tratamiento | U9: ¿Cumple con la ejecución del Plan de Tratamiento de manera eficaz? | V9: ¿Se cuenta con evidencias de la ejecución del Plan de Tratamiento? | W9: ¿El proceso reportó Materialización del Riesgo? | X9: ¿Se enunciaron acciones de mejora por materialización? | Y9: ¿Se activaron alertas tempranas para evitar la materialización? | Z9: ¿Se implementaron correctivos por la materialización? | AA9: ¿Se reportaron indicadores? | AB9: Observaciones por parte de la Tercera Línea de Defensa - Oficina de Control Interno (OCI)
A10: Altos Logros | B10: =VLOOKUP(A10,'Listas deplegables'!$A$2:$B$19,2,0) -> AL | C10: Posibilidad de afectacion economica por no recuperar los recursos transferidos a los contratistas que no se pudieron legalizar durante el periodo de ejecucion de los contratos y convenios celebrados por el Ministerio del Deporte por no generar a tiempo la liquidacion que de lugar a reintegro de recursos o al inicio de cobro correspondiente. | D10: No | E10: 45610 | F10: 45775 | G10: 45783 | H10: Misional | I10: Moderado | J10: Si | K10: Cada vez que se requiera, el profesional designado debe verificar el cumplimiento de las obligaciones, plazos, soportes y requisitos durante la etapa pre y contractual para apoyar al supervisor en la liquidación; y, en caso de identificar desviaciones y variaciones en el proceso, emite las alertas indicando la situación evidenciada para subsanar, de ser posible, la información requerida. Frecuencia: cuatrimestral | L10: Preventivo | M10: Si | N10: Si | O10: Si | P10: Aceptar | Q10: Bajo | R10: No | S10: Si | T10: Exigir a los contratistas (Federaciones deportivas nacionales) para que reintegren al tesoro nacional los recursos dejados de ejecutar en caso de identificar saldos a favor e incluir esta gestión en las actas de liquidación proyectadas. | U10: No | V10: No | W10: No | X10: No aplica | Y10: No aplica | Z10: No aplica | AA10: Si | AB10: La redacción del riesgo no cumple con la metodología así como tampoco la estrategia de tratamiento, ya que no se puede aceptar, se debe evitar o reducir. El reporte del monitoreo no es consistente ya que se refiere a que se está en proceso de suscripción de convenios mientras que el riesgo se refiere a la posibilidad de perdida de recursos de convenios ya ejecutados que requieren reintegros, por lo que, el tratamiento, sería aplicable a los convenios con pagos realizados y también a aquellos finalizados o proximos a terminación. Se recomienda verificar la fuente de la información, tal como bases de datos de contratos, fechas de finalización, límites de liquidación, entre otras, que permitan seguimiento a los controles, acciones e indicadores planteados. R4-Ctrl1: no se deja claridad sobre el destinario de la alerta descrita en la actividad ni quien la genera. Tampoco como será la conservación de las alertas, las subsanaciones ni las evidencias de la ejecución del control. R4-Ctrl2: no se plantea un control a cargo del proceso, por lo que no puede garantizar que este se desarrolle, como se describe en el monitoreo, tampoco se deja claro el propósito de los memorandos del GIT Contratación, por ejemplo, si este será el punto de partida para generar algún tipo de acción desde el proceso AL. El control propuesto no mitiga el riesgo por cuanto los memorandos aludidos son a los procesos a punto de vencer el plazo de liquidación y en ese punto pueden resultar inefectivas las acciones. R4-Acc1: no se detalla cómo se realizará la exigencia de reintegro, la evidencia no es consistente con la acción. No se cuenta con evidencias de la ejecución de los controles ni del plan de tratamiento, así como tampoco medición y evidencias de los indicadores.
A11: Altos Logros | B11: =VLOOKUP(A11,'Listas deplegables'!$A$2:$B$19,2,0) -> AL | J11: Si | K11: De manera cuatrimestal el Equipo de liquidaciones-GIT Contratación, genera alertas sobre los procesos que estan proximos a perder competencia consolida el reporte, a través de la plataforma GESDOC, se envia la relación de los procesos a las direcciones técnicas y se consolidan de manera cuatrimestral para realizar el reporte.. En caso de presentar desviación en la ejecución del control, se remitiran correos electronicos a los directores. De la ejecución del control se generan las siguientes evidenicas: Radicados de gesdoc, correo electronico (si aplica), anexos. Frecuencia: cuatrimestral | L11: Preventivo | M11: No | N11: Si | O11: Si | P11: Aceptar | Q11: Bajo | R11: No
A12: Fomento al Desarrollo Humano y Social | B12: =VLOOKUP(A12,'Listas deplegables'!$A$2:$B$19,2,0) -> FD | C12: Posibilidad de efecto dañoso sobre recurso público, por fallas en la recuperación de recursos transferidos a los contratistas no legalizados, durante el periodo de ejecución de los contratos y convenios celebrados por el Ministerio del Deporte, a causa de fallas en el procedimiento de liquidación, para proceder a reintegro de recursos o al inicio de cobro a favor del Ministerio. | D12: Si | E12: 45616 | F12: 45777 | G12: No diligenciado | H12: Misional | I12: Extremo | J12: Si | K12: Cada vez que se requiera, el y/o los supervisores de los GIT de la Dirección de Fomento y Desarrollo (Actividad Fìsica, Recreaciòn, Deporte Escolar, Deporte Social Comunitario), deben revisar y verificar el cumplimiento total de todas las obligaciones contractuales validar los soportes allegados para las liquidaciones. En caso de identificar desviaciones en la ejecución del control, notificar al ente que ejecuto el convenio y/o contrato las inconsistencias encontradas. De la ejecución de los controles se generará la siguiente evidencia: 1. Base de datos Excel con términos para la liquidación 2. Acta de reuniones mensuales del equipo de Liquidaciones con seguimiento al proceso. 3. Informe periódico sobre estado de liquidaciones al corte. 4. Correos electrónicos cuando aplique Frecuencia: Cuatrimestral | L12: Preventivo | M12: Si | N12: Si | O12: Si | P12: Reducir (Mitigar) | Q12: Extremo | R12: No | S12: Si | T12: Realizar seguimientos hasta el reintegro de la totalidad de los rendimientos financieros generados de los recursos no comprometidos ni ejecutados en los contratos, a favor del Ministerio del Deporte | U12: No | V12: No | W12: No | X12: No aplica | Y12: No aplica | Z12: No aplica | AA12: No | AB12: El reporte del monitoreo no es consistente ya que se refiere a que se está en proceso de realización de pagos de reservas mientras que el riesgo se refiere a la posibilidad de perdida de recursos de convenios ya ejecutados que requieren reintegros, por lo que, el tratamiento, sería aplicable a los convenios con pagos realizados a la fecha y también a aquellos finalizados o proximos a terminación; en adición se refiere al momento de liquidación de los convenios, por lo que el monitoreo y ejecución de controles debería dar cuenta de lo ejecutado en relación a los contratos/convenios en dicho proceso. R3-Ctrl1: no se reporta el desarrollo del control de acuerdo con la base de datos referida ni tampoco los contratos en proceso de liquidación que requirieron la revisión de soportes . R4-Ctrl2: no se plantea un control a cargo del proceso, por lo que no puede garantizar que este se desarrolle; tampoco se deja claro el propósito de los memorandos del GIT Contratación, por ejemplo, si este será el punto de partida para generar algún tipo de acción desde el proceso FD. El control propuesto no mitiga el riesgo por cuanto los memorandos aludidos son a los procesos a punto de vencer el plazo de liquidación y en ese punto pueden resultar inefectivas las acciones para el reintegro de recursos. En adición no se reportó el monitoreo de este control. R4-Acc1: la evidencia propuesta no es consistente con la acción ya que no da cuenta del seguimiento efectuado. En adición, el monitoreo de primera línea no se relaciona con la acción planteada ya que describe futuros pagos programados en el PAC y no el seguimiento a contratos ya suscritos, con pagos realizados en vigencias anteriores o en la presente vigencia, que se encuentren en curso o finalizados en trámite de liquidación. Indicadores: si bien se diligenció el formato de seguimiento de indicadores, el mismo no tiene medición y se describe que "Para este primer reporte no se cuenta con las evidencias", no cuenta con monitoreo del indicador clave del riesgo, el cual además se encuentra mal planteado ya que enuncia una meta más no un indicador medible. En el formato, pese a que describe monitoreo del indicador clave del riesgo, se remite la formula del indicador del desempeño, con descripción cualitativa y no cuantitativa como corresponde. Se recomienda revisar la formulación del indicador, ya que no permite medir eficiencia ni eficacia de las actividades planteadas. No se cuenta con evidencias de la ejecución de los controles ni del plan de tratamiento, las carpetas se encuentran vacias.
A13: Fomento al Desarrollo Humano y Social | B13: =VLOOKUP(A13,'Listas deplegables'!$A$2:$B$19,2,0) -> FD | J13: Si | K13: De manera cuatrimestral el Equipo de liquidaciones-GIT Contratación, genera alertas sobre los procesos que estan proximos a perder competencia consolida el reporte, a través de la plataforma GESDOC, se envia la relación de los procesos a las direcciones técnicas y se consolidan de manera cuatrimestral para realizar el reporte. En caso de presentar desviación en la ejecución del control, se remitiran correos electronicos a los directores. De la ejecución del control se generan las siguientes evidenicas: Radicados de gesdoc, correo electronico (si aplica), anexos. | L13: Preventivo | M13: No | N13: Si | O13: Si | P13: Reducir (Mitigar) | Q13: Extremo | R13: No
A14: Apoyo a la Infraestructura Técnica y Científica | B14: =VLOOKUP(A14,'Listas deplegables'!$A$2:$B$19,2,0) -> ATC | C14: Posibilidad de efecto dañoso sobre recurso público, por falta de cumplimiento de los requisitos legales y técnicos para la liquidación de contratos, falta de recursos humanos y técnicos adecuados para llevar a cabo los procesos de liquidación, fallas en la realización de la supervisión, falta de profesionales para la revisión de contratos y convenios a liquidar, alto volumen de contratos y convenios asignados a pocos funcionarios, a causa de error o fallas en el cumplimiento de procedimientos dispuesto por la entidad para la liquidación de procesos de contratación o falta de planificación adecuada para iniciar la liquidación de contratación | D14: Si | E14: 45590 | F14: 45777 | G14: 45783 | H14: Misional | I14: Moderado | J14: Si | K14: Una vez finaliza el contrato o convenio (ejecución permanente), el supervisor o profesional designado como apoyo a la supervisión, inicia el proceso de liquidación en concordancia con lo establecido en el Manual de Contratación y procedimiento vigente. Mediante la revisión de los términos y condiciones del contrato y pago final, procede a la consolidación de la información requerida para la liquidación y da traslado al profesional de apoyo en la liquidación de la Dirección, quien una vez revisa la documentación. En caso de presentar desviaciones del control, se solicitará la información faltante, como evidencia de la ejecución del control: • Documento de trabajo, que verifica la información recopilada (si aplica) • Acta de reuniones del equipo de Liquidaciones con seguimiento al proceso (cuando aplique) Informe periódico sobre estado de liquidaciones al corte (aplicara corte cuatrimestral) • Correos electrónicos cuando aplique. | L14: Preventivo | M14: Si | N14: Si | O14: Si | P14: Aceptar | Q14: Moderado | R14: Si | S14: Si | T14: Realizar seguimientos hasta el reintegro de la totalidad de los rendimientos financieros generados de los recursos no comprometidos ni ejecutados en los contratos, a favor del Ministerio del Deporte. | U14: Si | V14: No aplica | W14: No | X14: No aplica | Y14: No aplica | Z14: No aplica | AA14: No aplica | AB14: La estrategia de tratamiento, no cumple con la metodología ya que no se puede aceptar, se debe evitar o reducir. R5-Ctrl2: el control se refiere a los contratos sobre los cuales ya se perdió competencia por lo que sería un control detectivo, no preventivo. En adición se debe evaluar si priorizar el orden de liquidación permite el tratamiento del riesgo planteado ya que entre las causas no se detalla que esta sea una causa del efecto dañoso. R5-Ctrl3: no se plantea un control a cargo del proceso, por lo que no puede garantizar que este se desarrolle; tampoco se deja claro el propósito de los memorandos del GIT Contratación, por ejemplo, si este será el punto de partida para generar algún tipo de acción desde el proceso ATC. El control propuesto no mitiga el riesgo por cuanto los memorandos aludidos son a los procesos a punto de vencer el plazo de liquidación y en ese punto pueden resultar inefectivas las acciones para el reintegro de recursos. En adición no se reportó el monitoreo de este control. R4-Acc1-2: su ejecución aplica en el segundo cuatrimestre. Indicadores: su medición aplica en el segundo cuatrimestre, de acuerdo con la periodicidad definida.
A15: Apoyo a la Infraestructura Técnica y Científica | B15: =VLOOKUP(A15,'Listas deplegables'!$A$2:$B$19,2,0) -> ATC | J15: Si | K15: Profesional de apoyo a la liquidación, prioriza los procesos de liquidación en curso de contratos y convenios que perdieron competencia o están próximos a vencer los términos de ley para liquidar. Revisa la base de datos de los procesos en liquidación y establece un orden de priorización, teniendo en cuenta la complejidad de los procesos, avances y aquellos que ya hayan perdido competencia para liquidar o estén próximos a perder competencia, En caso de presentar desviaciones del control, se solicitará se actualizará la base de datos, reorganizando por orden de prioridad los procesos en liquidación. De la ejecución del contrato, se aportan las siguientes evidencias: Base de datos de los procesos en liquidación, en la que se incluye el estado de los mismo y orden de priorización | L15: Preventivo | M15: No | N15: Si | O15: Si | P15: Aceptar | Q15: Moderado | R15: Si | S15: Si | T15: Revisar y actualizar la pertinencia de los procedimientos vigentes dispuestos por la entidad para la liquidación de procesos de contratación, ajustados a la necesidad de la Dirección de Recursos y Herramientas del Sistema Nacional del Deporte. | U15: Si | V15: No aplica
A16: Apoyo a la Infraestructura Técnica y Científica | B16: =VLOOKUP(A16,'Listas deplegables'!$A$2:$B$19,2,0) -> ATC | J16: Si | K16: De manera cuatrimestal el Equipo de liquidaciones-GIT Contratación, genera alertas sobre los procesos que estan proximos a perder competencia consolida el reporte, a través de la plataforma GESDOC, se envia la relación de los procesos a las direcciones técnicas y se consolidan de manera cuatrimestral para realizar el reporte.. En caso de presentar desviación en la ejecución del control, se remitiran correos electronicos a los directores. De la ejecución del control se generan las siguientes evidenicas: Radicados de gesdoc, correo electronico (si aplica), anexos. | L16: Preventivo | M16: No | N16: Si | O16: Si | P16: Aceptar | Q16: Moderado | R16: No
A17: Gestión del Talento Humano | B17: =VLOOKUP(A17,'Listas deplegables'!$A$2:$B$19,2,0) -> GH | C17: Posibilidad de efecto dañoso sobre recurso público, por el No cobro y vencimiento del término de incapacidades y/o licencias, Inoportunidad en el reporte de incapacidades por parte del funcionario No se transcriben las incapacidades con oportunidad, a causa debilidades en los controles operativos para el seguimiento de incapacidades y/o licencias, fallas y/o demoras en la legalización de las incapacidades y/o licencias por parte de los funcionarios. | D17: Si | E17: 45643 | F17: 45775 | G17: 45418 | H17: Apoyo | I17: Moderado | J17: Si | K17: Profesional designado del proceso de Gestión de Talento Humano, cada vez que se requiera, valida con el área Financiera la información de incapacidades o licencia causadas en el periodo para su reconocimiento. Realiza cruce de información, la cual se verifica a través del formato GF-FR-051Certificación de Incapacidades y Talento Humano envía a Financiera correo con la identificación de los pagos. En caso de identificar desviaciones en la ejecución del control, talento Humano envía las correcciones al área Financiera. De la ejecución de los controles se generará la siguiente evidencia: registro GF-FR-051Certificación de Incapacidades, correos electrónicos. | L17: Preventivo | M17: Si | N17: Si | O17: Si | P17: Aceptar | Q17: Bajo | R17: Si | S17: Si | T17: Revisar y actualizar el procedimiento GH-PD-035 Lineamientos para el trámite de incapacidades y licencias de maternidad y paternidad. | U17: No aplica | V17: No aplica | W17: No | X17: No aplica | Y17: No aplica | Z17: No aplica | AA17: No aplica | AB17: La estrategia de tratamiento, no cumple con la metodología ya que no se puede aceptar, se debe evitar o reducir. R5-Ctrl 1. Falta anexar formato GF-FR-051 Certificación de Incapacidades, como parte de la evidencia de la ejecución del control, no obstante, los correos anexos permiten evidenciar la ejecución del control. Indicadores: si bien la formulación del Indicador Clave del Riesgo detalla que tiene medición semestral y por esta razón no se reporta su medición, el indicador del Desempeño del Control no tiene periodicidad definida ni tampoco se detalla la razón por la cual no fue reportado.
A18: Gestión Financiera | B18: =VLOOKUP(A18,'Listas deplegables'!$A$2:$B$19,2,0) -> GF | C18: Posibilidad de Efecto dañoso sobre recursos públicos por efectuar pagos a contratistas, proveedores y terceros por mayor o menor valor de lo pactado, debido a fallas en la verificación de los documentos causados y de la documentacion solicitada para pago. | D18: Si | E18: 45589 | F18: 45772 | G18: 45782 | H18: Apoyo | I18: Moderado | J18: Si | K18: Diariamente, los coordinadores y/o profesionales designados del proceso de Gestión Financiera, validan las solicitudes asociadas a pagos de contratistas, proveedores y terceros, entregados por los diferentes procesos de la Entidad, mediante la revisión de los documentos soportes que esten correctos, completos y acorde a los procedimientos establecidos en el proceso de Gestión Financiera. En caso de identificar desviaciones en la ejecución del control, se debe hacer devolución al remitente mediante el formato GF-FR-016 o SISEG según corresponda. De la ejecución de los controles se generará la siguiente evidencia: Formato Devolución de Documentos GF-FR-016 diligenciado o devolución en SISEG según corresponda. | L18: Detectivo | M18: Si | N18: Si | O18: Si | P18: Reducir (Transferir) | Q18: Bajo | R18: Si | S18: Si | T18: 1. Actualizar el procedimiento GF-PD-019-Conciliaciones Bancarias, incluyendo las políticas de operación necesarias y la normatividad vigente. | U18: Si | V18: Si | W18: No | X18: No aplica | Y18: No aplica | Z18: No aplica | AA18: Si | AB18: Se evidencia adecuado diseño del riesgo, controles y acciones, así como se cuenta evidencia de su ejecución conforme al monitoreo de primera y segunda línea de defensa. Se recomienda realizar el reporte de indicadores en la casilla correspondiente, ya que se completó en la columna para el reporte de acciones, no obstante, se validó con el documento Word entregado en la carpeta de SharePoint.
A19: Gestión Jurídica | B19: =VLOOKUP(A19,'Listas deplegables'!$A$2:$B$19,2,0) -> GJ | C19: Posibilidad de Afectación Económica por Efecto dañoso sobre recursos públicos por pago tardío de las condenas, conciliaciones u otra forma de determinación de un conflicto, por desarticulación entre el Ministerio con un tercero, a causa de desarticulación entre las áreas para iniciar proceso judicial, inexactitud de la información allegada | D19: Si | E19: 45595 | F19: 45772 | G19: 45783 | H19: Apoyo | I19: Moderado | J19: Si | K19: El Profesional asignado en la OAJ verifica que la base de datos de procesos judiciales de la OAJ se encuentre actualizada y con la información completa de los procesos en curso, para ello; de manera semanal, realiza el registro de las actuaciones del equipo de defensa judicial. En caso de identificar desviaciones en la ejecución del control, solicita por correo electrónico institucional al abogado designado, la inclusión de la información faltante. De la ejecución del control se evidencia: Base de datos de procesos judiciales y correos electrónicos. | L19: Preventivo | M19: No | N19: Si | O19: Si | P19: Aceptar | Q19: Moderado | R19: No | S19: Si | T19: Gestionar ante las áreas que resulten competentes, el trámite de pagos de sumas de dinero derivadas de sentencias, conciliaciones o laudos arbitrales, cuando resulte necesario, por parte del profesional asignado al interior de la Oficina Asesora Jurídica para dicho trámite | U19: Si | V19: No aplica | W19: No | X19: No aplica | Y19: No aplica | Z19: No aplica | AA19: No aplica | AB19: Pese a que el monitoreo de la segunda línea detalla: "Sin observaciones, el proceso realizo de manera adecuada el primer monitoreo de su mapa de riesgos" no es posible establecer su cumplimiento ya que no se aportó evidencia en la información allegada a la Oficina de Control Interno de la ejecución del control del Riesgo Fiscal (R5), ni tampoco se diligenció la casilla correspondiente al monitoreo de la primera línea de defensa, con lo que, no se evidencia la ejecución del control ni se recibieron soportes de su cumplimiento. La zona de riesgo permanece igual después de aplicar el control, sumado a ello, el control no es consistente o no atiende la causa raiz referida a la desarticulación, por lo que se debe verificar el control propuesto de manera que trate de forma eficaz el riesgo planteado. La estrategia de tratamiento, no cumple con la metodología ya que no se puede aceptar, se debe evitar o reducir. Indicadores: si bien la formulación del Indicador Clave del Riesgo detalla que tiene medición semestral y por esta razón no se reporta su medición, el indicador del Desempeño del Control no tiene periodicidad definida ni tampoco se detalla la razón por la cual no fue reportado.
A20: Gestión de los Recursos Físicos | B20: =VLOOKUP(A20,'Listas deplegables'!$A$2:$B$19,2,0) -> RF | C20: Posibilidad de Afectación Económica por Efecto dañoso sobre bienes públicos por pérdida, extravió, hurto, robo, declaratoria de bienes faltantes pertenecientes a la entidad manejo de inventario especifico por su variedad, a causa de falta de procedimientos para la gestión de bienes de propiedad del Ministerio del Deporte, e inconsistencias en las existencias fisicas vs lo registrado en el software de inventarios. | D20: Si | E20: 45975 | F20: 45775 | G20: 45783 | H20: Apoyo | I20: Alto | J20: Si | K20: El profesional especializado con funciones de Almacenista realiza el cierre mensual de almacen verificando los valores por grupo y estado del elemento en Almacen vs cifras en los estados financieros; en caso de desviacion se revisa en detalle cada uno de los movientos de almacen, entradas, salidas traslados con su correspondiente contabilizacion y conceptos de contabilizacion de Almacen para identificar que causo la desviacion y se reversa para grabarlo con el concepto adecuado. Como evidencia se entregara : Formato GF-FR-0042 conciliacion de cifras de contabilidad VS Almacen | L20: Preventivo | M20: Si | N20: Si | O20: Si | P20: Aceptar | Q20: Alto | R20: Si | S20: Si | T20: 1. Actualizar el RF-MN-001 Manual de Almacén V7. | U20: No | V20: No | W20: No | X20: No aplica | Y20: No aplica | Z20: No aplica | AA20: No | AB20: La estrategia de tratamiento, no cumple con la metodología ya que no se puede aceptar, se debe evitar o reducir. R6-Ctrl2: el monitoreo de la primera linea no es consistente con la actividad planteada, ya que no se refiere a SOAWEB y su evidencia (correos electrónicos), en su lugar, se reportó el estado de la acción número 2 del plan de tratamiento la cual no presenta avance. R6-Acc1-Acc2: no se evidencia ejecución o avance en la actividad, pese a que tenía establecido fecha de inicio en febrero de 2025. Indicadores: pese a que utilizó el formato para el monitoreo y se diligenció la casilla, se evidencia que se transcribió la formulación del indicador pero no se presenta su medición cuantitativa ni tampoco se soportan las evidencias propuestas.
A21: Gestión de los Recursos Físicos | B21: =VLOOKUP(A21,'Listas deplegables'!$A$2:$B$19,2,0) -> RF | J21: Si | K21: El profesional asignado para el Almacén realiza cierre de inventario, de manera mensual se verifican los saldos de almacén de los bienes devolutivos y edificaciones a través de conciliaciones con el área de Contabilidad. En caso de identificar desviaciones en la ejecución del control, se debe verificar en el aplicativo SOAWEB, para encontrar la inconsistencia y se realiza nuevamente la conciliación, para no afectar los estados financieros. De la ejecución del control, se deja como evidencia: correos electrónicos y las conciliaciones realizadas en el periodo. | L21: Preventivo | M21: Si | N21: Si | O21: Si | P21: Aceptar | Q21: Alto | R21: Incompleta | S21: Si | T21: Crear procedimiento para establecer control sobre la custodia de los inventarios de Almacen. | U21: No | V21: No
B22: =VLOOKUP(A22,'Listas deplegables'!$A$2:$B$19,2,0) -> #N/A
B23: =VLOOKUP(A23,'Listas deplegables'!$A$2:$B$19,2,0) -> #N/A
B24: =VLOOKUP(A24,'Listas deplegables'!$A$2:$B$19,2,0) -> #N/A
B25: =VLOOKUP(A25,'Listas deplegables'!$A$2:$B$19,2,0) -> #N/A
B26: =VLOOKUP(A26,'Listas deplegables'!$A$2:$B$19,2,0) -> #N/A
B27: =VLOOKUP(A27,'Listas deplegables'!$A$2:$B$19,2,0) -> #N/A
B28: =VLOOKUP(A28,'Listas deplegables'!$A$2:$B$19,2,0) -> #N/A
B29: =VLOOKUP(A29,'Listas deplegables'!$A$2:$B$19,2,0) -> #N/A
B30: =VLOOKUP(A30,'Listas deplegables'!$A$2:$B$19,2,0) -> #N/A
B31: =VLOOKUP(A31,'Listas deplegables'!$A$2:$B$19,2,0) -> #N/A
B32: =VLOOKUP(A32,'Listas deplegables'!$A$2:$B$19,2,0) -> #N/A
B33: =VLOOKUP(A33,'Listas deplegables'!$A$2:$B$19,2,0) -> #N/A
... B99: =VLOOKUP(A99,'Listas deplegables'!$A$2:$B$19,2,0) -> #N/A
A100: x | B100: x | C100: x | D100: X | E100: x | G100: x | H100: x | I100: x | J100: x | K100: x | L100: x | M100: x | N100: x | O100: x | P100: x | Q100: x | R100: x | S100: x | T100: x | U100: x | V100: x | W100: x | X100: x | Y100: x | Z100: x | AA100: x | AB100: x

Sheet Listas deplegables
A1: Procesos | B1: Siglas | D1: TipoProceso | E1: DescripciónCtr | F1: Atributo | G1: ZonaRiesgo | H1: DescripciónCtr | I1: Tratamiento | J1: Reporte | K1: Reporte
A2: Direccionamiento Estratégico y Aprendizaje Organizacional | B2: DE | D2: Estratégico | E2: Si | F2: Detectivo | G2: Extremo | H2: Si | I2: Aceptar | J2: Si | K2: Si | L2: Primera línea de defensa
A3: Gestión de las Comunicaciones | B3: GC | D3: Misional | E3: No | F3: Preventivo | G3: Alto | H3: No | I3: Evitar | J3: No | K3: No | L3: Segunda línea de defensa
A4: Formulación y Adopción de Políticas, Planes y Programas | B4: FP | D4: Apoyo | E4: No tiene controles | F4: No definido | G4: Moderado | H4: No tiene plan de tratamiento | I4: Reducir (Transferir) | J4: No diligenció la casilla | K4: No formuló indicadores | L4: Primer y segunda línea de defensa
A5: Altos Logros | B5: AL | D5: Evaluación | E5: Incompleta | F5: No aplica | G5: Bajo | H5: No aplica | I5: Reducir (Mitigar) | J5: No aplica | K5: No aplica
A6: Inspección Vigilancia y Control | B6: IVC | E6: No aplica
A7: Fomento al Desarrollo Humano y Social | B7: FD
A8: Apoyo a la Infraestructura Técnica y Científica | B8: ATC
A9: Servicio Integral al Ciudadano | B9: SI
A10: Gestión de TIC'S | B10: GT
A11: Gestión del Talento Humano | B11: GH
A12: Gestión Documental | B12: GD
A13: Adquisición de Bienes y Servicios | B13: BS
A14: Gestión Financiera | B14: GF
A15: Gestión Jurídica | B15: GJ
A16: Gestión de los Recursos Físicos | B16: RF
A17: Evaluación Independiente y Mejora Continua | B17: EI
A18: Gestión Proceso Disciplinario | B18: PD
A19: Proceso Gestión Ambiental | B19: GA

Sheet Mapa Procesos

Sheet Reparto
B1: Riesgos | C1: Controles | D1: Acciones
A2: Nubia -C | B2: 12 | C2: =41-C3 -> 17 | D2: =33-D3 -> 15
A3: Ma Paola -C | B3: 5 | C3: 24 | D3: 18
A4: Total Corrupción | B4: =SUM(B2:B3) -> 17 | C4: =SUM(C2:C3) -> 41 | D4: =SUM(D2:D3) -> 33
B6: Riesgos | C6: Controles | D6: Acciones
A7: Nubia -F | B7: 0 | C7: 0 | D7: 0
A8: Ma Paola -F | B8: 7 | C8: 12 | D8: 9
A9: Total Fiscales | B9: =SUM(B7:B8) -> 7 | C9: =SUM(C7:C8) -> 12 | D9: =SUM(D7:D8) -> 9
B11: Riesgos | C11: Controles | D11: Acciones | E11: Total revisiones | L11: =2/17 -> 0.11764706
A12: Nubia | B12: =+B2+B7 -> 12 | C12: =+C2+C7 -> 17 | D12: =+D2+D7 -> 15 | E12: =SUM(B12:D12) -> 44
A13: Ma Paola | B13: =+B3+B8 -> 12 | C13: =+C3+C8 -> 36 | D13: =+D3+D8 -> 27 | E13: =SUM(B13:D13) -> 75
A14: Total C+F | B14: =SUM(B12:B13) -> 24 | C14: =SUM(C12:C13) -> 53 | D14: =SUM(D12:D13) -> 42 | E14: =SUM(E12:E13) -> 119
A16: Dif | B16: =+B12-B13 -> 0 | C16: =+C12-C13 -> -19 | D16: =+D12-D13 -> -12
A19: Solicitud información | B19: Ma Pao | C19: 1
A20: Actualización SharePoint (hasta borrador) | B20: Ma Pao | C20: 2
A21: Actualización SISEG (hasta borrador) | B21: Ma Pao | C21: 3
A22: Borrador Informe | B22: Ma Pao | C22: 4
A23: Remisión aprobación jefe | B23: Ma Pao | C23: 5
A24: GESDOC Remisorio CICCI | B24: Nubis | C24: 1
A25: Publicación Web | B25: Nubis | C25: 2
A26: Actualización SISEG (Cierre) | B26: Nubis | C26: 3
A27: Actualización SharePoint (Inf. Final) | B27: Nubis | C27: 4

Sheet DinamicaMRC
B1: Total Riesgos | C1: =+C20+DinamicaMRF!C11 -> 7
A2: Cantidad procesos con riesgos de corrupción
B3: Nombre del Proceso | C3: Siglas | D3: Corrupción | E3: Fiscal | G3: Siglas | H3: Corrupción | I3: Fiscal
A4: 1 | B4: Adquisición de Bienes y Servicios | C4: BS | D4: 1 | E4: =IFERROR(VLOOKUP(B4,DinamicaMRF!$B$4:$C$10,2,0),0) -> 0 | G4: BS | H4: 1 | I4: 0
A5: 2 | B5: Altos Logros | C5: AL | D5: 1 | E5: =IFERROR(VLOOKUP(B5,DinamicaMRF!$B$4:$C$10,2,0),0) -> 1 | G5: AL | H5: 1 | I5: 1
A6: 3 | B6: Apoyo a la Infraestructura Técnica y Científica | C6: ATC | D6: 2 | E6: =IFERROR(VLOOKUP(B6,DinamicaMRF!$B$4:$C$10,2,0),0) -> 1 | G6: ATC | H6: 2 | I6: 1
A7: 4 | B7: Evaluación Independiente y Mejora Continua | C7: EI | D7: 1 | E7: =IFERROR(VLOOKUP(B7,DinamicaMRF!$B$4:$C$10,2,0),0) -> 0 | G7: EI | H7: 1 | I7: 0
A8: 5 | B8: Fomento al Desarrollo Humano y Social | C8: FD | D8: 1 | E8: =IFERROR(VLOOKUP(B8,DinamicaMRF!$B$4:$C$10,2,0),0) -> 1 | G8: FD | H8: 1 | I8: 1
A9: 6 | B9: Formulación y Adopción de Políticas, Planes y Programas | C9: FP | D9: 1 | E9: =IFERROR(VLOOKUP(B9,DinamicaMRF!$B$4:$C$10,2,0),0) -> 0 | G9: FP | H9: 1 | I9: 0
A10: 7 | B10: Gestión de las Comunicaciones | C10: GC | D10: 1 | E10: =IFERROR(VLOOKUP(B10,DinamicaMRF!$B$4:$C$10,2,0),0) -> 0 | G10: GC | H10: 1 | I10: 0
A11: 8 | B11: Gestión de los Recursos Físicos | C11: RF | D11: 1 | E11: =IFERROR(VLOOKUP(B11,DinamicaMRF!$B$4:$C$10,2,0),0) -> 1 | G11: RF | H11: 1 | I11: 1
A12: 9 | B12: Gestión de TIC'S | C12: GT | D12: 1 | E12: =IFERROR(VLOOKUP(B12,DinamicaMRF!$B$4:$C$10,2,0),0) -> 0 | G12: GT | H12: 1 | I12: 0
A13: 10 | B13: Gestión del Talento Humano | C13: GH | D13: 1 | E13: =IFERROR(VLOOKUP(B13,DinamicaMRF!$B$4:$C$10,2,0),0) -> 1 | G13: GH | H13: 1 | I13: 1
A14: 11 | B14: Gestión Documental | C14: GD | D14: 1 | E14: =IFERROR(VLOOKUP(B14,DinamicaMRF!$B$4:$C$10,2,0),0) -> 0 | G14: GD | H14: 1 | I14: 0
A15: 12 | B15: Gestión Financiera | C15: GF | D15: 1 | E15: =IFERROR(VLOOKUP(B15,DinamicaMRF!$B$4:$C$10,2,0),0) -> 1 | G15: GF | H15: 1 | I15: 1
... A19: 16 | B19: Servicio Integral al Ciudadano | C19: SI | D19: 1 | E19: =IFERROR(VLOOKUP(B19,DinamicaMRF!$B$4:$C$10,2,0),0) -> 0 | G19: SI | H19: 1 | I19: 0

Sheet DinamicaMRF
B3: Etiquetas de fila | C3: Cuenta de Descripción Riesgo
A4: 1 | B4: Altos Logros | C4: 1
A5: 2 | B5: Apoyo a la Infraestructura Técnica y Científica | C5: 1
A6: 3 | B6: Fomento al Desarrollo Humano y Social | C6: 1
A7: 4 | B7: Gestión de los Recursos Físicos | C7: 1
A8: 5 | B8: Gestión del Talento Humano | C8: 1
A9: 6 | B9: Gestión Financiera | C9: 1
A10: 7 | B10: Gestión Jurídica | C10: 1
B11: Total general | C11: 7

Sheet T2
A1: Nombre del Proceso | B1: Siglas | C1: RIESGO | D1: Tipo Proceso | F1: Siglas | G1: Corrupción | H1: Fiscal | I1: Tipo Proceso | K1: Etiquetas de fila | L1: Suma de Corrupción | M1: Suma de Fiscal | N1: Total
A2: Adquisición de Bienes y Servicios | B2: BS | C2: Corrupción | D2: Apoyo | F2: BS | G2: 1 | H2: 0 | I2: Apoyo | K2: Apoyo | L2: 8 | M2: 4 | N2: =SUM(L2:M2) -> 12
A3: Altos Logros | B3: AL | C3: Corrupción | D3: Misional | F3: AL | G3: 1 | H3: 1 | I3: Misional | K3: Estratégico | L3: 1 | M3: 0 | N3: =SUM(L3:M3) -> 1
A4: Apoyo a la Infraestructura Técnica y Científica | B4: ATC | C4: Corrupción | D4: Misional | F4: ATC | G4: 2 | H4: 1 | I4: Misional | K4: Evaluación | L4: 2 | M4: 0 | N4: =SUM(L4:M4) -> 2
A5: Evaluación Independiente y Mejora Continua | B5: EI | C5: Corrupción | D5: Evaluación | F5: EI | G5: 1 | H5: 0 | I5: Evaluación | K5: Misional | L5: 6 | M5: 3 | N5: =SUM(L5:M5) -> 9
A6: Fomento al Desarrollo Humano y Social | B6: FD | C6: Corrupción | D6: Misional | F6: FD | G6: 1 | H6: 1 | I6: Misional | K6: Total general | L6: 17 | M6: 7 | N6: =SUM(N2:N5) -> 24
A7: Formulación y Adopción de Políticas, Planes y Programas | B7: FP | C7: Corrupción | D7: Misional | F7: FP | G7: 1 | H7: 0 | I7: Misional
A8: Gestión de las Comunicaciones | B8: GC | C8: Corrupción | D8: Estratégico | F8: GC | G8: 1 | H8: 0 | I8: Estratégico
A9: Gestión de los Recursos Físicos | B9: RF | C9: Corrupción | D9: Apoyo | F9: RF | G9: 1 | H9: 1 | I9: Apoyo | K9: TIPO PROCESO | L9: RIESGOS CORRUPCIÓN | M9: RIESGOS FISCALES | N9: TOTAL, RIESGOS
A10: Gestión de TIC'S | B10: GT | C10: Corrupción | D10: Apoyo | F10: GT | G10: 1 | H10: 0 | I10: Apoyo | K10: Apoyo | L10: 8 | M10: 4 | N10: =SUM(L10:M10) -> 12
A11: Gestión del Talento Humano | B11: GH | C11: Corrupción | D11: Apoyo | F11: GH | G11: 1 | H11: 1 | I11: Apoyo | K11: Estratégico | L11: 1 | M11: 0 | N11: =SUM(L11:M11) -> 1
A12: Gestión Documental | B12: GD | C12: Corrupción | D12: Apoyo | F12: GD | G12: 1 | H12: 0 | I12: Apoyo | K12: Evaluación | L12: 2 | M12: 0 | N12: =SUM(L12:M12) -> 2
A13: Gestión Financiera | B13: GF | C13: Corrupción | D13: Apoyo | F13: GF | G13: 1 | H13: 1 | I13: Apoyo | K13: Misional | L13: 6 | M13: 3 | N13: =SUM(L13:M13) -> 9
A14: Gestión Jurídica | B14: GJ | C14: Corrupción | D14: Apoyo | F14: GJ | G14: 1 | H14: 1 | I14: Apoyo | K14: TOTAL | L14: 17 | M14: 7 | N14: =SUM(L14:M14) -> 24
A15: Gestión Proceso Disciplinario | B15: PD | C15: Corrupción | D15: Evaluación | F15: PD | G15: 1 | H15: 0 | I15: Evaluación
A16: Inspección Vigilancia y Control | B16: IVC | C16: Corrupción | D16: Misional | F16: IVC | G16: 1 | H16: 0 | I16: Misional
A17: Servicio Integral al Ciudadano | B17: SI | C17: Corrupción | D17: Apoyo | F17: SI | G17: 1 | H17: 0 | I17: Apoyo

Sheet T3
C1: CORRUPCIÓN | H1: FISCALES
B2: Etiquetas de fila | C2: Cuenta de Descripción Riesgo | D2: Cuenta de Descripción del Control | E2: Cuenta de Descripción del Plan de Tratamiento | G2: Etiquetas de fila | H2: Cuenta de Descripción Riesgo | I2: Cuenta de Descripción del Control | J2: Cuenta de Descripción del Plan de Tratamiento
B3: AL | C3: 1 | D3: 8 | E3: 1 | G3: AL | H3: 1 | I3: 2 | J3: 1 | M3: No. | N3: PROCESO | O3: TIPO RIESGO | P3: CANTIDAD CONTROLES | Q3: CANTIDAD ACCIONES (PT)
B4: ATC | C4: 2 | D4: 3 | E4: 3 | G4: ATC | H4: 1 | I4: 3 | J4: 2 | M4: 1 | N4: AL | O4: Corrupción | P4: 8 | Q4: 1
B5: BS | C5: 1 | D5: 2 | E5: 1 | G5: FD | H5: 1 | I5: 2 | J5: 1 | M5: 2 | O5: Fiscal | P5: 2 | Q5: 1
B6: EI | C6: 1 | D6: 2 | E6: 1 | G6: GF | H6: 1 | I6: 1 | J6: 1 | M6: 3 | N6: ATC | O6: Corrupción 1 | P6: 2 | Q6: 2
B7: FD | C7: 1 | D7: 2 | E7: 2 | G7: GH | H7: 1 | I7: 1 | J7: 1 | M7: 4 | O7: Corrupción 2 | P7: 1 | Q7: 1
B8: FP | C8: 1 | D8: 3 | E8: 3 | G8: GJ | H8: 1 | I8: 1 | J8: 1 | M8: 5 | O8: Fiscal | P8: 3 | Q8: 2
B9: GC | C9: 1 | D9: 3 | E9: 3 | G9: RF | H9: 1 | I9: 2 | J9: 2 | M9: 6 | N9: BS | O9: Corrupción | P9: 2 | Q9: 1
B10: GD | C10: 1 | D10: 3 | E10: 3 | G10: Total general | H10: 7 | I10: 12 | J10: 9 | M10: 7 | N10: EI | O10: Corrupción | P10: 2 | Q10: 1
B11: GF | C11: 1 | D11: 2 | E11: 2 | M11: 8 | N11: FD | O11: Corrupción | P11: 2 | Q11: 2
B12: GH | C12: 1 | D12: 1 | E12: 1 | M12: 9 | O12: Fiscal | P12: 2 | Q12: 1
B13: GJ | C13: 1 | D13: 1 | E13: 4 | M13: 10 | N13: FP | O13: Corrupción | P13: 3 | Q13: 3
B14: GT | C14: 1 | D14: 2 | E14: 2 | M14: 11 | N14: GC | O14: Corrupción | P14: 3 | Q14: 3
B15: IVC | C15: 1 | D15: 3 | E15: 3 | M15: 12 | N15: GD | O15: Corrupción | P15: 3 | Q15: 3
B16: PD | C16: 1 | D16: 2 | E16: 2 | M16: 13 | N16: GF | O16: Corrupción | P16: 2 | Q16: 2
B17: RF | C17: 1 | D17: 3 | E17: 1 | M17: 14 | O17: Fiscal | P17: 1 | Q17: 1
B18: SI | C18: 1 | D18: 1 | E18: 1 | M18: 15 | N18: GH | O18: Corrupción | P18: 1 | Q18: 1
B19: Total general | C19: 17 | D19: 41 | E19: 33 | M19: 16 | O19: Fiscal | P19: 1 | Q19: 1
M20: 17 | N20: GJ | O20: Corrupción | P20: 1 | Q20: 4
M21: 18 | O21: Fiscal | P21: 1 | Q21: 1
M22: 19 | N22: GT | O22: Corrupción | P22: 2 | Q22: 2
M23: 20 | N23: IVC | O23: Corrupción | P23: 3 | Q23: 3
M24: 21 | N24: PD | O24: Corrupción | P24: 2 | Q24: 2
M25: 22 | N25: RF | O25: Corrupción | P25: 3 | Q25: 1
M26: 23 | O26: Fiscal | P26: 2 | Q26: 2
M27: 24 | N27: SI | O27: Corrupción | P27: 1 | Q27: 1
M28: Total | P28: =SUM(P4:P27) -> 53 | Q28: =SUM(Q4:Q27) -> 42

Sheet T5
B1: PROCESOS | C1: FECHA SEGUIMIENTO SEGUNDA LÍNEA | D1: OBSERVACIONES AL SEGUIMIENTO Y EVALUACIÓN DE LA SEGUNDA LÍNEA DE DEFENSA
B2: Todos los procesos | C2: 01 a 09 de mayo | D2: Se evidencia ejecución de monitoreo por parte de la segunda línea de defensa, el cual se documenta mediante correos electrónicos y el formato DE-FR-002, que datalla la fecha de seguimiento a cada proceso.
B3: Todos los procesos | C3: 01 a 09 de mayo | D3: De acuerdo con el Procedimiento Administración de Riesgo, actividad No. 10, el funcionario o contratista de la Oficina Asesora de Planeación “Revisa la integralidad del mapa de riesgos, asegurando que se cumpla con los lineamientos de la Política de administración y que sea coherente con el objetivo del proceso y objetivos institucionales. La Oficina Asesora de Planeación, genera recomendaciones o aprobación a los riesgos de los procesos”, no obstante, no se evidenció el de manera explícita aprobación de los riesgos de los procesos. Se recomienda que en la respuesta al requerimiento de información de la OCI se detalle los procesos cuyos riesgos se encuentran aprobados por la segunda línea de defensa así como que esto se describa en el formato DE-FR-002, columna BR.
B4: IVC, SI, GD, AB, GF,GJ, RF, PD | C4: 01 a 09 de mayo | D4: La segunda línea reportó en el formato DE- FR -002, Columna BR "Resultado del Seguimiento y Evaluación" el siguiente resultado: "En el desarrollo de esta revisión se identificaron algunas observaciones y recomendaciones, que se detallaron en retroalimentación por correo electrónico. Ver carpeta de SharePoint". Dado que Procedimiento DE-PD-011 -Administración de Riesgos dispone en la Actividad No. 16 que el Funcionario o Contratista de la Oficina Asesora de Planeación debe "Registrar y consolidar el monitoreo en cada uno de los mapas de riesgos por proceso" cuyo registro será la "Publicación en página web" y el "Cargue en aplicativo del sistema de gestión institucional" la segunda línea de defensa es responsable de garantizar ela descripción del resultado del seguimiento y evaluación, toda vez que Isolución no permite el acceso a SharePoint ni los correos remitidos hacen parte del registro de la actividad 16, sino que, en su lugar, la actividad consiste en Registar el monitoreo en "cada uno de los mapas de riesgos por proceso" con lo que se evidencia la necesidad del ajuste en la consolidación para realizar nuevamente la publicación en Isolución del Monitoreo del Primer Trimestre de la vigencia 2025.

Sheet T6...
A1: MATRIZ SEGUIMIENTO MAPA DE RIESGOS DE CORRUPCIÓN
B2: Entidad: Ministerio del Deporte | H2: ¿Se adelantó seguimiento al Mapa de Riesgos de Corrupción?
B3: Responsable: Tercera línea de defensa
B4: Seguimiento: Primer Cuatrimestre 2025 | H4: Si
B5: Fecha de publicación: 15 de mayo de 2025
A6: SEGUIMIENTO Y EVALUACIÓN POR PARTE DE LA TERCERA LÍNEA DE DEFENSA
A8: Nombre del Proceso | B8: Siglas | E8: Tipo | F8: Descripción del Riesgo | G8: ¿Cumple con la redacción del Riesgo? | H8: Controles | I8: Plan de Tratamiento | J8: Observaciones y recomendaciones por parte de la Tercera Línea de Defensa - Oficina de Control Interno (OCI)
A9: Gestión de las Comunicaciones | B9: =VLOOKUP(A9,'Listas deplegables'!$A$2:$B$19,2,0) -> GC | E9: Corrupción | F9: Posibilidad de recibir cualquier dádiva o beneficio a nombre propio o tercero para difundir información sensible sin la debida verificación y aprobación | G9: No | H9: Ctrl-1 | I9: Acc-1 | J9: En relación al líder del proceso, se recomienda detallar el cargo -dependencia (M8) ya que se detalla el nombre de un ex funcionario de la entidad. La redacción del riesgo no considera los cuatro (4) elementos para los riesgos de corrupción, no se refiere a daño económico o reputacional, ni la desviación específica de la gestión de lo público de manera que recomienda revisar y ajustar la redacción del riesgo. R1-Ctrl3: pese a que se detalla que se genera un informe anual, se expresa que tiene una frecuencia cuatrimestral, por lo que se recomienda verificar la frecuencia del control y de la evidencia para que sean consistentes entre si. R1-Acc2: no se cuenta con evidencias de su ejecución por lo que no es posible establecer su puesta en marcha.
A10: Gestión de las Comunicaciones | B10: =VLOOKUP(A10,'Listas deplegables'!$A$2:$B$19,2,0) -> GC | H10: Ctrl-2 | I10: Acc-2
A11: Gestión de las Comunicaciones | B11: =VLOOKUP(A11,'Listas deplegables'!$A$2:$B$19,2,0) -> GC | H11: Ctrl-3 | I11: Acc-3
E13: Tipo | F13: Descripción del Riesgo | G13: ¿Cumple con la redacción del Riesgo? | H13: Controles | I13: Plan de Tratamiento | J13: Observaciones y recomendaciones por parte de la Tercera Línea de Defensa - Oficina de Control Interno (OCI)
A14: Formulación y Adopción de Políticas, Planes y Programas | B14: =VLOOKUP(A14,'Listas deplegables'!$A$2:$B$19,2,0) -> FP | E14: Corrupción | F14: Posibilidad de favorecer un grupo de interés sobre otro en los procesos de formulación de políticas públicas. | G14: No | H14: Ctrl-1 | I14: Acc-1 | J14: Se utilizó formato en versión no vigente (V,1) para el reporte; en adición, se evidencia que se cargó el mapa de riesgos de la vigencia 2023 con lo que podría existir una debilidad en el cumplimiento de la labor de identifcación y formulación de los riesgos del proceso para la vigencia 2025, La redacción del riesgo no considera los cuatro (4) elementos para los riesgos de corrupción, no se refiere a daño económico o reputacional, ni la desviación específica de la gestión de lo público de manera que recomienda revisar y ajustar la redacción del riesgo. Las evidencias remitdas no corresponden a las planteadas en los controles y acciones, por lo tanto no dan cuenta del cumplimiento de lo planteado para la mitigación del riesgo. Dado el que proceso tiene hallazgo reiterativo por la no identificación y formulación de riesgos, se recomienda realizar el adecuado ejercicio de tratamiento de los riesgos propios de sus funciones a cargo. Se recomienda al jefe de la OCI presentar el caso para su tratamiento ante el Comité Insitucional de Coordinación de Control Interno.
A15: Formulación y Adopción de Políticas, Planes y Programas | B15: =VLOOKUP(A15,'Listas deplegables'!$A$2:$B$19,2,0) -> FP | H15: Ctrl-2 | I15: Acc-2
A16: Formulación y Adopción de Políticas, Planes y Programas | B16: =VLOOKUP(A16,'Listas deplegables'!$A$2:$B$19,2,0) -> FP | H16: Ctrl-3 | I16: Acc-3
E18: Tipo | F18: Descripción del Riesgo | G18: ¿Cumple con la redacción del Riesgo? | H18: Controles | I18: Plan de Tratamiento | J18: Observaciones y recomendaciones por parte de la Tercera Línea de Defensa - Oficina de Control Interno (OCI)
A19: Altos Logros | B19: =VLOOKUP(A19,'Listas deplegables'!$A$2:$B$19,2,0) -> AL | E19: Corrupción | F19: Posibilidad de recibir o solicitar cualquiér dadiva o beneficio a nombre propio o de terceros beneficiando a atletas o paraatletas del programa de atleta excelencia, programa de glorias del deporte, escuela de talentos o beneficiar a federaciones deportivas nacionales que no cumplan con requisitos legales o normativos. | G19: No | H19: Ctrl-1 | I19: Acc-1 | J19: La redacción del riesgo no considera los cuatro (4) elementos para los riesgos de corrupción, no se refiere a daño económico o reputacional, ni la desviación específica de la gestión de lo público de manera que recomienda revisar y ajustar la redacción del riesgo. Verificar la frecuencia con la que se realiza la actividad y su valoración ya que inicia en zona de riesgo inherente "Moderada" siendo muy baja en relación a un riesgo de corrupción; esto se puede deber a que no fueron resueltas las 19 preguntas requeridas para la clasificación del impacto del riesgo de corrupción (Hoja <<Tabla Impacto>> del formato DE- FR -002) Se evidencia que los ocho (8) controles planteados son idénticos; se recomienda tener en cuenta que cada control debe tener un planteamiento diferente atendido cada una de las causas raices identificadas, sumado a que los controles son para el proceso y no para cada grupo de trabajo; en caso que se trate por facilidad de consolidación interna de la Dirección de Posicionamiento, se deben establecer mecanismos de trabajo interno para la consolidación del monitoreo que no afecten ni repitan controles en el mapa de riesgos de la entidad y puedan derivar en confucion a los grupos de valor que consulten el mapa de riesgos institucional. En línea con lo anterior, solo el primer control se considera efectivo, los demás no, por ser repetidos. En adición y pese a ser idénticos se clasifica tanto como preventivo, como detectivo, por lo que se recomienda verificar el atributo del control. Zona de Riesgo Residual Final no varia después de aplicar los controles, se mantiene en moderada. La evidencia debe estar detallada dentro de la descripción del control y la que se entregue en el monitoreo debe corresponder estrictamente con esta, se evidencia que se planteó en el formato pero fuera de la descripción: 1. Verificar en cumplimiento de la Hoja de Ruta para la contratación Formato del proceso de Bienes y Servicios , 2. Supervisión de los contratos de apoyo a federaciones nacionales y 3. Apoyo a la supervisión. No obstante, lo que se remitió, fue el expediente precontractual el cual no está establecido como evidencia y no permite verificar el cumplimiento del control. Indicadores: no se detalla la fuente información de la frecuencia con la cual se realiza la actividad (23) por lo que no es posible varidar su medición; no se anexan evidencias de los indicadores. De otra parte en el monitoreo se detallan contratos sucritos mientras que en el indicador se describe que "Durante el primer cuatrimestre no se suscrieron contratos, por lo que no se procedió a verificaci (sic)" con lo que la información entre el reporte de indicadores y el monitoero de los controles es incosistente.
A20: Altos Logros | B20: =VLOOKUP(A20,'Listas deplegables'!$A$2:$B$19,2,0) -> AL | H20: Ctrl-2
A21: Altos Logros | B21: =VLOOKUP(A21,'Listas deplegables'!$A$2:$B$19,2,0) -> AL | H21: Ctrl-3
A22: Altos Logros | B22: =VLOOKUP(A22,'Listas deplegables'!$A$2:$B$19,2,0) -> AL | H22: Ctrl-4
A23: Altos Logros | B23: =VLOOKUP(A23,'Listas deplegables'!$A$2:$B$19,2,0) -> AL | H23: Ctrl-5
A24: Altos Logros | B24: =VLOOKUP(A24,'Listas deplegables'!$A$2:$B$19,2,0) -> AL | H24: Ctrl-6
A25: Altos Logros | B25: =VLOOKUP(A25,'Listas deplegables'!$A$2:$B$19,2,0) -> AL | H25: Ctrl-7
A26: Altos Logros | B26: =VLOOKUP(A26,'Listas deplegables'!$A$2:$B$19,2,0) -> AL | H26: Ctrl-8
A27: Altos Logros | B27: =VLOOKUP(A27,'Listas deplegables'!$A$2:$B$19,2,0) -> AL | E27: Fiscal | F27: Posibilidad de afectacion economica por no recuperar los recursos transferidos a los contratistas que no se pudieron legalizar durante el periodo de ejecucion de los contratos y convenios celebrados por el Ministerio del Deporte por no generar a tiempo la liquidacion que de lugar a reintegro de recursos o al inicio de cobro correspondiente. | G27: No | H27: Ctrl-1 | I27: Acc-1 | J27: La redacción del riesgo no cumple con la metodología así como tampoco la estrategia de tratamiento, ya que no se puede aceptar, se debe evitar o reducir. El reporte del monitoreo no es consistente ya que se refiere a que se está en proceso de suscripción de convenios mientras que el riesgo se refiere a la posibilidad de perdida de recursos de convenios ya ejecutados que requieren reintegros, por lo que, el tratamiento, sería aplicable a los convenios con pagos realizados y también a aquellos finalizados o proximos a terminación. Se recomienda verificar la fuente de la información, tal como bases de datos de contratos, fechas de finalización, límites de liquidación, entre otras, que permitan seguimiento a los controles, acciones e indicadores planteados. R4-Ctrl1: no se deja claridad sobre el destinario de la alerta descrita en la actividad ni quien la genera. Tampoco como será la conservación de las alertas, las subsanaciones ni las evidencias de la ejecución del control. R4-Ctrl2: no se plantea un control a cargo del proceso, por lo que no puede garantizar que este se desarrolle, como se describe en el monitoreo, tampoco se deja claro el propósito de los memorandos del GIT Contratación, por ejemplo, si este será el punto de partida para generar algún tipo de acción desde el proceso AL. El control propuesto no mitiga el riesgo por cuanto los memorandos aludidos son a los procesos a punto de vencer el plazo de liquidación y en ese punto pueden resultar inefectivas las acciones. R4-Acc1: no se detalla cómo se realizará la exigencia de reintegro, la evidencia no es consistente con la acción. No se cuenta con evidencias de la ejecución de los controles ni del plan de tratamiento, así como tampoco medición y evidencias de los indicadores.
A28: Altos Logros | B28: =VLOOKUP(A28,'Listas deplegables'!$A$2:$B$19,2,0) -> AL | H28: Ctrl-2
E30: Tipo | F30: Descripción del Riesgo | G30: ¿Cumple con la redacción del Riesgo? | H30: Controles | I30: Plan de Tratamiento | J30: Observaciones y recomendaciones por parte de la Tercera Línea de Defensa - Oficina de Control Interno (OCI)
A31: Inspección Vigilancia y Control | B31: =VLOOKUP(A31,'Listas deplegables'!$A$2:$B$19,2,0) -> IVC | E31: Corrupción | F31: Posibilidad de recibir o solicitar cualquier dadiva o beneficio a nombre propio o de terceros para favorecer a un organismo deportivo en el desarrollo de tramites, inspección, auditorias y/o procedimientos administrativos | G31: No | H31: Ctrl-1 | I31: Acc-1 | J31: No se reporta la fecha del monitoreo de la primera línea de defensa. La redacción del riesgo no considera los cuatro (4) elementos para los riesgos de corrupción, no se refiere a daño económico o reputacional, ni la desviación específica de la gestión de lo público de manera que recomienda revisar y ajustar la redacción del riesgo. Verificar la frecuencia con la que se realiza la actividad y su valoración ya que inicia en zona de riesgo inherente "Moderada" siendo muy baja en relación a un riesgo de corrupción; esto se puede deber a que no fueron resueltas las 19 preguntas requeridas para la clasificación del impacto del riesgo de corrupción (Hoja <<Tabla Impacto>> del formato DE- FR -002) R1-Ctrl2: se anexa formato 003 con el cual se evidencia el cumplimiento de la acción, se recomienda no anexar evidencias que no están relacionadas en la descripción del control, tal como el formato 048. R1-Acc-1-Acc2-Acc3: las evidecias aportadas no corresponden con las enunciadas en el mapa de riesgos, se recomienda no anexar evidencias que no están relacionadas en la descripción del control pues esto dificulta la labor de verificación de la Tercera Línea de defensa. Dado que se tienen previstos ejecutar con plazo hasta diciembre de 2025 se recomienda que en evidencia se detalle no aplica y la fecha estimada en la que se generará la evidencia detallada en el mapa de riesgos para dicha acción. Indicadores: si bien la formulación del Indicador Clave del Riesgo detalla que tiene medición semestral y por esta razón no se reporta su medición, el indicador del Desempeño del Control no tiene medición cuantitativa. Dado que son indicadores numericos se recomienda siempre detallar el cálculo de este, sumado a la descripción cualitativa, máxime si la meta del indicador es cero, puesto permite verificar la efectividad del tratamiento del riesgo.
A32: Inspección Vigilancia y Control | B32: =VLOOKUP(A32,'Listas deplegables'!$A$2:$B$19,2,0) -> IVC | H32: Ctrl-2 | I32: Acc-2
A33: Inspección Vigilancia y Control | B33: =VLOOKUP(A33,'Listas deplegables'!$A$2:$B$19,2,0) -> IVC | H33: Ctrl-3 | I33: Acc-3
E35: Tipo | F35: Descripción del Riesgo | G35: ¿Cumple con la redacción del Riesgo? | H35: Controles | I35: Plan de Tratamiento | J35: Observaciones y recomendaciones por parte de la Tercera Línea de Defensa - Oficina de Control Interno (OCI)
A36: Fomento al Desarrollo Humano y Social | B36: =VLOOKUP(A36,'Listas deplegables'!$A$2:$B$19,2,0) -> FD | E36: Corrupción | F36: Posibilidad de recibir cualquier dádiva o beneficio a nombre propio o de terceros para desembolsar recursos a convenios o contratos entre el ministerio y entes ejecutores sin el cumplimiento de los requisitos legales. | G36: No | H36: Ctrl-1 | I36: Acc-1 | J36: La redacción del riesgo no considera los cuatro (4) elementos para los riesgos de corrupción, no se refiere a daño económico o reputacional, ni la desviación específica de la gestión de lo público de manera que recomienda revisar y ajustar la redacción del riesgo. No se cuenta con evidencias de la ejecución de los controles ni del plan de tratamiento, las carpetas se encuentran vacias. Indicadores: si bien se diligenció el formato de seguimiento de indicadores, el mismo no tiene medición y se describe que "Para este primer reporte no se cuenta con las evidencias", no cuenta con monitoreo del indicador de desempeño del control, el cual además requiere revisión en el planteamiento pues no permite medir efectividad del control propuesto; se recomienda revisar la formulación del indicador, ya que no permite medir eficiencia ni eficacia de las actividades planteadas. En cuanto a la medición del Indicador clave del Riesgo, se relaciona descripción cualitativa y no cuantitativa como corresponde. Seguimiento segunda línea de defensa: se recomienda verificar la sección control de cambios puesto que se evidencia trazabilidad de la actualización.
A37: Fomento al Desarrollo Humano y Social | B37: =VLOOKUP(A37,'Listas deplegables'!$A$2:$B$19,2,0) -> FD | H37: Ctrl-2 | I37: Acc-2
A38: Fomento al Desarrollo Humano y Social | B38: =VLOOKUP(A38,'Listas deplegables'!$A$2:$B$19,2,0) -> FD | E38: Fiscal | F38: Posibilidad de efecto dañoso sobre recurso público, por fallas en la recuperación de recursos transferidos a los contratistas no legalizados, durante el periodo de ejecución de los contratos y convenios celebrados por el Ministerio del Deporte, a causa de fallas en el procedimiento de liquidación, para proceder a reintegro de recursos o al inicio de cobro a favor del Ministerio. | G38: Si | H38: Ctrl-1 | I38: Acc-1 | J38: El reporte del monitoreo no es consistente ya que se refiere a que se está en proceso de realización de pagos de reservas mientras que el riesgo se refiere a la posibilidad de perdida de recursos de convenios ya ejecutados que requieren reintegros, por lo que, el tratamiento, sería aplicable a los convenios con pagos realizados a la fecha y también a aquellos finalizados o proximos a terminación; en adición se refiere al momento de liquidación de los convenios, por lo que el monitoreo y ejecución de controles debería dar cuenta de lo ejecutado en relación a los contratos/convenios en dicho proceso. R3-Ctrl1: no se reporta el desarrollo del control de acuerdo con la base de datos referida ni tampoco los contratos en proceso de liquidación que requirieron la revisión de soportes . R4-Ctrl2: no se plantea un control a cargo del proceso, por lo que no puede garantizar que este se desarrolle; tampoco se deja claro el propósito de los memorandos del GIT Contratación, por ejemplo, si este será el punto de partida para generar algún tipo de acción desde el proceso FD. El control propuesto no mitiga el riesgo por cuanto los memorandos aludidos son a los procesos a punto de vencer el plazo de liquidación y en ese punto pueden resultar inefectivas las acciones para el reintegro de recursos. En adición no se reportó el monitoreo de este control. R4-Acc1: la evidencia propuesta no es consistente con la acción ya que no da cuenta del seguimiento efectuado. En adición, el monitoreo de primera línea no se relaciona con la acción planteada ya que describe futuros pagos programados en el PAC y no el seguimiento a contratos ya suscritos, con pagos realizados en vigencias anteriores o en la presente vigencia, que se encuentren en curso o finalizados en trámite de liquidación. Indicadores: si bien se diligenció el formato de seguimiento de indicadores, el mismo no tiene medición y se describe que "Para este primer reporte no se cuenta con las evidencias", no cuenta con monitoreo del indicador clave del riesgo, el cual además se encuentra mal planteado ya que enuncia una meta más no un indicador medible. En el formato, pese a que describe monitoreo del indicador clave del riesgo, se remite la formula del indicador del desempeño, con descripción cualitativa y no cuantitativa como corresponde. Se recomienda revisar la formulación del indicador, ya que no permite medir eficiencia ni eficacia de las actividades planteadas. No se cuenta con evidencias de la ejecución de los controles ni del plan de tratamiento, las carpetas se encuentran vacias.
A39: Fomento al Desarrollo Humano y Social | B39: =VLOOKUP(A39,'Listas deplegables'!$A$2:$B$19,2,0) -> FD | H39: Ctrl-2
E41: Tipo | F41: Descripción del Riesgo | G41: ¿Cumple con la redacción del Riesgo? | H41: Controles | I41: Plan de Tratamiento | J41: Observaciones y recomendaciones por parte de la Tercera Línea de Defensa - Oficina de Control Interno (OCI)
A42: Apoyo a la Infraestructura Técnica y Científica | B42: =VLOOKUP(A42,'Listas deplegables'!$A$2:$B$19,2,0) -> ATC | E42: Corrupción | F42: Posibilidad de recibir o solicitar cualquier dádiva o beneficio a nombre propio o de terceros para realizar de manera deficiente, el ejercicio de la supervision que para el correcto desembolso de recursos economicos | G42: No | H42: Ctrl-1 | I42: Acc-1 | J42: La redacción del riesgo no considera los cuatro (4) elementos para los riesgos de corrupción, no se refiere a daño económico o reputacional, ni la desviación específica de la gestión de lo público de manera que recomienda revisar y ajustar la redacción del riesgo. Se recomienda evaluar el nivel de riesgo inherente, dado que el proceso ha sido establecido con un riesgo alto y considerando las causas identificadas su zona de Riesgo podría ser extremo, para ello se sugiere atender el procedimiento y formato, dando respuesta a las 19 preguntas para la clasificación de impacto. La evidencia de R1C1: se recomienda incluir en el formato fecha de diligenciamiento, responsable de la verificación del control y responsable del diligenciamiento por parte del supervisor. R1-Acc1: se aporta monitoreo y evidencia que no está relacionada con la acción propuesta, ya que hace referencia a instructivo. Se recomienda desarrollar lo planteado toda vez que un procedimiento podria aportar la mitigación del riesgo que permita que el control permita un óptimo seguimiento, control, verificación y cumplimiento de las obligaciones que conlleven a la autorización del trámite de pagos y desembolsos. Se solicita abstener se de realizar reportes y anexar evidencias no relacionadas con la gestión planteada ya que esto dificulta la labor de monitoreo por parte de la segunda y tercera línea de defensa. Según la evidencia R1-Ctrl1, registro N°1, "no" a la pregunta ¿CUMPLE PARA CONTINUAR EL TRÁMITE?, es decir, que acorde con lo planteado en caso de desviación en la ejecución del control, el responsable debe, mediante comunicación externa (Gesdoc) o correo electrónico, notificar las observaciones encontradas al ente territorial en el marco de convenios interadministrativos, para que se subsane y se remitan los soportes y/o documentos que se deben ajustar la modificación 1 (prorroga), actualización de las pólizas y certificación bancaria, caso similares para autorización de desembolso, para los registros No. 8, 11 y 12, no obstante no se aportó evidencia de la ejecución de la acción en caso de desviación del control, por lo que no se puede establecer que el mismo fue ejecutado conforme lo planteado. Se recomienda verificar la pertinencia de documentar la evidencia denominada matriz de seguimiento control, verificación, y cumplimiento de obligaciones apta tramite de pagos y desembolsos para fortalecer la formalización de un procedimiento, así como sus actividades del ciclo de vida de los proyectos de infraestructura y permitir su vinculación con la demás documentación (Formatos, instructivos y guías del proceso). Indicadores: Se verifica el reporte de la medición el contenido del formato DE-FR-002; no obstante el proceso no documentó evidencias de la medición del indicador, se recomienda utilizar el formato dispuesto por la segunda línea de defensa para el monitoreo de indicadores.
A43: Apoyo a la Infraestructura Técnica y Científica | B43: =VLOOKUP(A43,'Listas deplegables'!$A$2:$B$19,2,0) -> ATC | H43: Ctrl-2 | I43: Acc-2
A44: Apoyo a la Infraestructura Técnica y Científica | B44: =VLOOKUP(A44,'Listas deplegables'!$A$2:$B$19,2,0) -> ATC | F44: Posibilidad de recibir o solicitar cualquier dádiva o beneficio a nombre propio o de terceros por la financiacion y cofinanciacion de proyectos que no cumplen con los requisitos establecidos en la minuta | G44: No | H44: Ctrl-1 | I44: Acc-1 | J44: La redacción del riesgo no considera los cuatro (4) elementos para los riesgos de corrupción, no se refiere a daño económico o reputacional, ni la desviación específica de la gestión de lo público de manera que recomienda revisar y ajustar la redacción del riesgo. Se recomienda evaluar el nivel de riesgo inherente, dado que el proceso ha sido establecido con un riesgo alto y considerando las causas identificadas su zona de Riesgo podría ser extremo, para ello se sugiere atender el procedimiento y formato, dando respuesta a las 19 preguntas para la clasificación de impacto. R2-Ctrl-1: El responsable del control debería considerar la inclusión del directivo del proceso de Atención al Ciudadano, ya que el coordinador del GIT de Infraestructura y/o el líder del equipo de revisión de proyectos podrían tener un conflicto de interés debido a su rol en la supervisión de los convenios. La descripción del riesgo R2-Ctrl-1: No indica la desviación de la ejecución control establecido. No se evidenció ejecución de los controles en el periodo, de acuerdo a la periodicidad del control se observa avance registrado. se deja alerta al proceso para que inicie ejecución de las acciones en las fechas programadas, con el fin de mitigar el riesgo de corrupción, se recomienda al proceso establecer una periodicidad de los controles. No se aporta evidencias por parte del proceso en la carpeta SharePoint, para este riesgo. Controles: La Actualización Procedimiento de revisión de proyectos acorde a la resolución: ATC-PD-007: Revisión de Proyectos de Infraestructura" no es claro, la aplicación del control ni la descripción de cómo se lleva a cabo el mismo en el periodo. Plan de tratamiento: R2-Acc-1: Na acción esta programada por el proceso para realizar entre 31/07/2025 al 20/10/2025, por tanto, no se registró. Los indicadores se requieren aportar evidencia de su aplicación en el documento de trabajo, ya que se detalla que su medición es cuatrimestral, se recomienda verificar la consistencia entre la frecuencia del control y los indicadores. Ahora bien, en la medición del Medición del Indicador del Desempeño del Control se describe: "50 proyectos radicados incorrectamente , sin cumplir con el procedimiento ATC-PD-007" por lo que se recomienda la verificación del reporte ya que esto podría ser un indicio de materialización del riesgo, por la manera en que está formulado el indicador.
A45: Apoyo a la Infraestructura Técnica y Científica | B45: =VLOOKUP(A45,'Listas deplegables'!$A$2:$B$19,2,0) -> ATC | E45: Fiscal | F45: Posibilidad de efecto dañoso sobre recurso público, por falta de cumplimiento de los requisitos legales y técnicos para la liquidación de contratos, falta de recursos humanos y técnicos adecuados para llevar a cabo los procesos de liquidación, fallas en la realización de la supervisión, falta de profesionales para la revisión de contratos y convenios a liquidar, alto volumen de contratos y convenios asignados a pocos funcionarios, a causa de error o fallas en el cumplimiento de procedimientos dispuesto por la entidad para la liquidación de procesos de contratación o falta de planificación adecuada para iniciar la liquidación de contratación | G45: Si | H45: Ctrl-1 | I45: Acc-1 | J45: La estrategia de tratamiento, no cumple con la metodología ya que no se puede aceptar, se debe evitar o reducir. R5-Ctrl2: el control se refiere a los contratos sobre los cuales ya se perdió competencia por lo que sería un control detectivo, no preventivo. En adición se debe evaluar si priorizar el orden de liquidación permite el tratamiento del riesgo planteado ya que entre las causas no se detalla que esta sea una causa del efecto dañoso. R5-Ctrl3: no se plantea un control a cargo del proceso, por lo que no puede garantizar que este se desarrolle; tampoco se deja claro el propósito de los memorandos del GIT Contratación, por ejemplo, si este será el punto de partida para generar algún tipo de acción desde el proceso ATC. El control propuesto no mitiga el riesgo por cuanto los memorandos aludidos son a los procesos a punto de vencer el plazo de liquidación y en ese punto pueden resultar inefectivas las acciones para el reintegro de recursos. En adición no se reportó el monitoreo de este control. R4-Acc1-2: su ejecución aplica en el segundo cuatrimestre. Indicadores: su medición aplica en el segundo cuatrimestre, de acuerdo con la periodicidad definida.
A46: Apoyo a la Infraestructura Técnica y Científica | B46: =VLOOKUP(A46,'Listas deplegables'!$A$2:$B$19,2,0) -> ATC | H46: Ctrl-2 | I46: Acc-2
A47: Apoyo a la Infraestructura Técnica y Científica | B47: =VLOOKUP(A47,'Listas deplegables'!$A$2:$B$19,2,0) -> ATC | H47: Ctrl-3
E49: Tipo | F49: Descripción del Riesgo | G49: ¿Cumple con la redacción del Riesgo? | H49: Controles | I49: Plan de Tratamiento | J49: Observaciones y recomendaciones por parte de la Tercera Línea de Defensa - Oficina de Control Interno (OCI)
A50: Servicio Integral al Ciudadano | B50: =VLOOKUP(A50,'Listas deplegables'!$A$2:$B$19,2,0) -> SI | E50: Corrupción | F50: Posibilidad de recibir o solicitar cualquier dádiva o beneficio a nombre propio o de terceros por omitir el registro de PQRSD en los canales presenciales, telefónicos y chat | G50: No | H50: Ctrl-1 | I50: Acc-1 | J50: La redacción del riesgo no considera los cuatro (4) elementos para los riesgos de corrupción, no se refiere a daño económico o reputacional, ni la desviación específica de la gestión de lo público de manera que recomienda revisar y ajustar la redacción del riesgo. Acorde con el riesgo formulado se recominda al proceso (SI) realizar la identificación de causas relacionadas con garantizar el anonimato de los usuarios y funcionarios que interponen una denuncia, presiones ocultas para inducir a la omisión de radicación de peticiones por motivaciones poco éticas y evasión del procedimiento, debilidades en aplicación de sanciones displiciplinarias por no registrar una PQRSD. En la matriz el proceso (SI) dilgencio por error de transcripción como misional, en vez de apoyo. Considerando que el el plan de tratamiento documentará un registro diario de las atenciones para los canales presencial, telefónico y chat, se prevé en el periodo de 01/07/2025 al 30/11/2025, el proceso no aportó avances Se recomienda verificar el nivel de riesgo inherente, dado que no se evidencia el diligenciamiento de la Tabla de Impacto y la respuesta a los interrogantes que permite la clasificación en el mapa de calor
E52: Tipo | F52: Descripción del Riesgo | G52: ¿Cumple con la redacción del Riesgo? | H52: Controles | I52: Plan de Tratamiento | J52: Observaciones y recomendaciones por parte de la Tercera Línea de Defensa - Oficina de Control Interno (OCI)
A53: Gestión de TIC'S | B53: =VLOOKUP(A53,'Listas deplegables'!$A$2:$B$19,2,0) -> GT | E53: Corrupción | F53: Posibilidad de afectación económica o reputacional por acceder, facilitar el acceso o alterar los datos de los sistemas de información de la entidad con el fin de beneficiarse a nombre propio o de terceros | G53: Si | H53: Ctrl-1 | I53: Acc-1 | J53: Referente a la ejecución del Plan de Tratamiento de manera eficaz referente con la actualización y publicación de los documentos del proceso en el Sistema de Gestión de Calidad no precisa si es para la mejora de establecer una política de gobernanza TIC y divulgarla institucionalmente. Por otra, parte en el plan de tratamiento del riesgo a nivel especifico podria considerar establecer lineamientos para los permisos de acceso no revocados a tiempo. Se recomienda ajustar los indicadores cumplimiento para permisos de acceso no revocados a tiempo, autorización de acceso a las aplicaciones correctas en el momento adecuado, corrección de vulnerabilidades para mejorar la implementación de la seguridad y la eficiencia de los permisos de acceso. El proceso indica que los documentos actualizados aprobados en el Sistema de Gestión de Calidad se presentan con fecha limite del 30/11/2025, a la fecha no presenta evidencia:bitácora de incidentes de seguridad de la información, Inventario Proyectos Especiales de Tecnología, operación de Backus y restauración de información, política de seguridad de la información, POLITICA DE SEGURIDAD DE LA INFORMACIÓN, Proyectos Especiales de Tecnología, Recolección de Evidencia Digital, Reporte de Incidentes de Seguridad de la Informaciòn. R1C1: Se evidencia reporte excel del listado usuario expirados, la Oficina de Control Interno recomienda verificar la evidencia establecida, toda vez, que la misma no se permite determinar si corresponde al "reporte de usuarios y permisos por aplicación" como se describe con el control. El proceso en el documento de retroalimentación realizada por la Segunda Línea al proceso (GT) manifiesta que la ejecución del control se reporta en estado pendiente. La evidencia del RC2 no corresponde con lo establecido en la descripción del riesgo. A su vez, no se encuentra, la descripción del indicador que permita verificar la efectividad de la socialización de la politica de seguridad de informacion y régimen sancionatorio ante acceso informático indebido vigentes mediante piezas de comunicación y charlas en las que se incluyan tips de seguridad de la información. El profesional experto en ciberseguridad se contrató el 14 de abril 2025, finalizando el primer cuatrimestre de seguimiento de riesgos 2025, tal como consta: el CPSP 315 de 2025, considerando el plan de tratamiento esto conlleva a que la evidencia de los Accesos indebidos bloqueados, se debe considerar la programación de la ejecución de las acciones.
A54: Gestión de TIC'S | B54: =VLOOKUP(A54,'Listas deplegables'!$A$2:$B$19,2,0) -> GT | H54: Ctrl-2 | I54: Acc-2
E56: Tipo | F56: Descripción del Riesgo | G56: ¿Cumple con la redacción del Riesgo? | H56: Controles | I56: Plan de Tratamiento | J56: Observaciones y recomendaciones por parte de la Tercera Línea de Defensa - Oficina de Control Interno (OCI)
A57: Gestión del Talento Humano | B57: =VLOOKUP(A57,'Listas deplegables'!$A$2:$B$19,2,0) -> GH | E57: Corrupción | F57: Posibilidad afectación económica y reputacional por Recibir o solicitar dadivas o beneficio por direccionamiento de vinculación en favor propio o de un tercero debido a las posibles debilidades en la implementación de procesos y procedimientos internos | G57: No | H57: Ctrl-1 | I57: Acc-1 | J57: La redacción del riesgo no considera los cuatro (4) elementos para los riesgos de corrupción, no se refiere a la desviación específica de la gestión de lo público y el beneficio privado de manera que recomienda revisar y ajustar la redacción del riesgo. R1-Ctrl 1: El proceso GH no ha iniciado la actividad de control. Se recomienda dar celeridad al inicio de la actualización del procedimiento "Vinculación de Servidores Públicos", con el fin de establecer puntos de control asociados a la verificación de requisitos para cubrir vacantes, en concordancia con el Manual de Funciones. Así mismo, y conforme a los lineamientos establecidos por la OAP, los controles o planes de tratamiento que involucren la actualización o creación de documentos no deberán superar como plazo el segundo cuatrimestre del año. R1-Acc1: Actividad no iniciada, asociada a la revisión del manual de funciones, pese a que tenia fecha de ejecución en febrero, se recomienda actualizar. Manifiesta la segunda línea: "A pesar de que la OAP estableció un documento de trabajo para el monitoreo y la medición de los indicadores, este no fue implementado. Asimismo, en el mapa de riesgos, el proceso en la medición, señalado como “N/A”, sin evidencia de seguimiento alguno. Esta situación impide realizar monitoreo eficiente". No se presentan evidencias de la ejecución de controles, acciones, medición de indicadores, por lo que no se permite concluir que el proceso esté realizando tratamiento al riesgo de corrupción identificado. En adición, el control presenta dos actividades en una, por lo que se recomienda separa la verificación de requisitos de la actualización del procedimiento.
A58: Gestión del Talento Humano | B58: =VLOOKUP(A58,'Listas deplegables'!$A$2:$B$19,2,0) -> GH | E58: Fiscal | F58: Posibilidad de efecto dañoso sobre recurso público, por el No cobro y vencimiento del término de incapacidades y/o licencias, Inoportunidad en el reporte de incapacidades por parte del funcionario No se transcriben las incapacidades con oportunidad, a causa debilidades en los controles operativos para el seguimiento de incapacidades y/o licencias, fallas y/o demoras en la legalización de las incapacidades y/o licencias por parte de los funcionarios. | G58: Si | H58: Ctrl-1 | I58: Acc-1 | J58: La estrategia de tratamiento, no cumple con la metodología ya que no se puede aceptar, se debe evitar o reducir. R5-Ctrl 1. Falta anexar formato GF-FR-051 Certificación de Incapacidades, como parte de la evidencia de la ejecución del control, no obstante, los correos anexos permiten evidenciar la ejecución del control. Indicadores: si bien la formulación del Indicador Clave del Riesgo detalla que tiene medición semestral y por esta razón no se reporta su medición, el indicador del Desempeño del Control no tiene periodicidad definida ni tampoco se detalla la razón por la cual no fue reportado.
E60: Tipo | F60: Descripción del Riesgo | G60: ¿Cumple con la redacción del Riesgo? | H60: Controles | I60: Plan de Tratamiento | J60: Observaciones y recomendaciones por parte de la Tercera Línea de Defensa - Oficina de Control Interno (OCI)
A61: Gestión Documental | B61: =VLOOKUP(A61,'Listas deplegables'!$A$2:$B$19,2,0) -> GD | E61: Corrupción | F61: Posibilidad de afectación economica y reputacional al recibir cualquier dádiva o beneficio a nombre propio o de terceros con el fin de omitir información o perdida de expedientes del archivo central. | G61: No | H61: Ctrl-1 | I61: Acc-1 | J61: La redacción del riesgo no considera los cuatro (4) elementos para los riesgos de corrupción, no se refiere a la desviación específica de la gestión de lo público y el beneficio privado En la matriz, el proceso GD no diligenció las casillas correspondientes a la materialización de riesgos. Asimismo, la segunda línea no registró ningún pronunciamiento al respecto en el formato DE-FR-002. No obstante, se evidencia que se ha realizado seguimiento a través de correo electrónico. Se recomienda a la segunda línea documentar dicho seguimiento y dejar trazabilidad en el formato y en la casilla dispuesta para tal fin. Es importante tener en cuenta que el documento cargado en Isolucion no permite el acceso a SharePoint, lo que afecta la trazabilidad del monitoreo. En R-Ctrl 1 no se encuentran los listados de asistencia que evidencian el cumplimiento de las fechas establecidas en el cronograma del plan de capacitación (GD). No obstante, el proceso (GD) en aras de la descripción del control, podría ajustar el cronograma de capacitación según la necesidad y cambios a que haya lugar con la debida justificación, tal como se encuentra en los listados de asistencia identificados en el R1-Ctrl 3. En el plan de tratamiento R1-Ctrl 2 no se evidencia la "Comunicación de salida solicitando cotización de espacios fisicos". Además no hay coherencia entre la acción y el soporte de la acción mencionadas en el plan de tratamiento. Teniendo en cuenta, que no es posible determinar que los controles sean ineficaces o efectivos, no es coherente, que se encuentre en Zona de Riesgo Residual Final moderado. Con respecto, al informe de resutados R1-Ctrl 1 se recomienda incluir análisis de información para la toma de decisiones que permitan la mejora continúa para la apropiacion de conocimientos adquiridos por los funcionarios y contratistas, cada vez, que se realice la difusión de la información. Se recomienda al proceso incluir la periodicidad de la ejecución de los controles. La evidencia R1-Ctrl 3 correspondiente con el HOJA DE CONTROL / INDICE DE INFORMACIÓN - GD-FR-038 no fue aportada por parte del proceso (GD)
A62: Gestión Documental | B62: =VLOOKUP(A62,'Listas deplegables'!$A$2:$B$19,2,0) -> GD | H62: Ctrl-2 | I62: Acc-2
A63: Gestión Documental | B63: =VLOOKUP(A63,'Listas deplegables'!$A$2:$B$19,2,0) -> GD | H63: Ctrl-3 | I63: Acc-3
E65: Tipo | F65: Descripción del Riesgo | G65: ¿Cumple con la redacción del Riesgo? | H65: Controles | I65: Plan de Tratamiento | J65: Observaciones y recomendaciones por parte de la Tercera Línea de Defensa - Oficina de Control Interno (OCI)
A66: Adquisición de Bienes y Servicios | B66: =VLOOKUP(A66,'Listas deplegables'!$A$2:$B$19,2,0) -> BS | E66: Corrupción | F66: Posibilidad de Afectación Reputacional por recibir cualquier dádiva o beneficio a nombre propio o de terceros por el direccionamiento indebido de procesos de contratación | G66: No | H66: Ctrl-1 | I66: Acc-1 | J66: La redacción del riesgo no considera los cuatro (4) elementos para los riesgos de corrupción, no se refiere a la desviación específica de la gestión de lo público y el beneficio privado. La acción del plan de tratamiento planteada corresponde a la descripción del control denominado: base de datos con los procesos asignados a cada estructurador. Se recomienda, ajustar la acción de plan de tratamiento. Según soporte del la OAP denominado Retroalimentación primer monitoreo Mapas de riesgos 2025 12- Adquisición BYS, indica que "Se realizó verificación de las actas aportadas, evidenciándose que las actas numero 2,3,4 y 5 no están firmadas, solamente se evidencia las firmas correspondientes del acta".
A67: Adquisición de Bienes y Servicios | B67: =VLOOKUP(A67,'Listas deplegables'!$A$2:$B$19,2,0) -> BS | H67: Ctrl-2 | I67: Acc-2
E69: Tipo | F69: Descripción del Riesgo | G69: ¿Cumple con la redacción del Riesgo? | H69: Controles | I69: Plan de Tratamiento | J69: Observaciones y recomendaciones por parte de la Tercera Línea de Defensa - Oficina de Control Interno (OCI)
A70: Gestión Financiera | B70: =VLOOKUP(A70,'Listas deplegables'!$A$2:$B$19,2,0) -> GF | E70: Corrupción | F70: Posibilidad de Afectación Económica y Reputacional por posibles comportamientos no éticos de los empleados y fraude interno (corrupción, soborno), debido a Incurrir en inconsistencias en el desarrollo de las actividades asociadas a las Conciliaciones Bancarias que no sean conformes con los lineamientos del proceso de Gestión Financiera y la legislación vigente y a la falta de verificación de cálculos para pagos internos y externos que conlleva a errores, pagos que no sean conformes con los lineamientos de la Entidad y/o la legislación vigente, que no refleje la realidad financiera de la Entidad e impida la optimización de los recursos, sin el cumplimiento de los requisitos establecidos por el proceso de Gestión Financiera | G70: No | H70: Ctrl-1 | I70: Acc-1 | J70: La redacción del riesgo no considera los cuatro (4) elementos para los riesgos de corrupción, no se refiere a la desviación específica de la gestión de lo público y el beneficio privado, por lo que se recomienda ajustar su descripción. Se evidencia monitoreo de primera y segunda línea de defensa, debidamente documentados.
A71: Gestión Financiera | B71: =VLOOKUP(A71,'Listas deplegables'!$A$2:$B$19,2,0) -> GF | H71: Ctrl-2 | I71: Acc-2
A72: Gestión Financiera | B72: =VLOOKUP(A72,'Listas deplegables'!$A$2:$B$19,2,0) -> GF | E72: Fiscal | F72: Posibilidad de Efecto dañoso sobre recursos públicos por efectuar pagos a contratistas, proveedores y terceros por mayor o menor valor de lo pactado, debido a fallas en la verificación de los documentos causados y de la documentacion solicitada para pago. | G72: Si | H72: Ctrl-1 | I72: Acc-1 | J72: Se evidencia adecuado diseño del riesgo, controles y acciones, así como se cuenta evidencia de su ejecución conforme al monitoreo de primera y segunda línea de defensa. Se recomienda realizar el reporte de indicadores en la casilla correspondiente, ya que se completó en la columna para el reporte de acciones, no obstante, se validó con el documento Word entregado en la carpeta de SharePoint.
E74: Tipo | F74: Descripción del Riesgo | G74: ¿Cumple con la redacción del Riesgo? | H74: Controles | I74: Plan de Tratamiento | J74: Observaciones y recomendaciones por parte de la Tercera Línea de Defensa - Oficina de Control Interno (OCI)
A75: Gestión Jurídica | B75: =VLOOKUP(A75,'Listas deplegables'!$A$2:$B$19,2,0) -> GJ | E75: Corrupción | F75: Posibilidad de recibir cualquier dádiva o beneficio para ejercer una deficiente defensa técnica judicial en el marco de las contestaciones de tutelas. | G75: No | H75: Ctrl-1 | I75: Acc-1 | J75: La redacción del riesgo no considera los cuatro (4) elementos para los riesgos de corrupción, no se refiere a daño económico o reputacional, ni la desviación específica de la gestión de lo público y el beneficio privado, de manera que recomienda revisar y ajustar la redacción del riesgo. Las acciones 2,3, 4 no presentan cumplimiento por cuanto están previstas para segundo y tercer cuatrimestre.
A76: Gestión Jurídica | B76: =VLOOKUP(A76,'Listas deplegables'!$A$2:$B$19,2,0) -> GJ | I76: Acc-2
A77: Gestión Jurídica | B77: =VLOOKUP(A77,'Listas deplegables'!$A$2:$B$19,2,0) -> GJ | I77: Acc-3
A78: Gestión Jurídica | B78: =VLOOKUP(A78,'Listas deplegables'!$A$2:$B$19,2,0) -> GJ | I78: Acc-4
A79: Gestión Jurídica | B79: =VLOOKUP(A79,'Listas deplegables'!$A$2:$B$19,2,0) -> GJ | E79: Fiscal | F79: Posibilidad de Afectación Económica por Efecto dañoso sobre recursos públicos por pago tardío de las condenas, conciliaciones u otra forma de determinación de un conflicto, por desarticulación entre el Ministerio con un tercero, a causa de desarticulación entre las áreas para iniciar proceso judicial, inexactitud de la información allegada | G79: Si | H79: Ctrl-1 | I79: Acc-1 | J79: Pese a que el monitoreo de la segunda línea detalla: "Sin observaciones, el proceso realizo de manera adecuada el primer monitoreo de su mapa de riesgos" no es posible establecer su cumplimiento ya que no se aportó evidencia en la información allegada a la Oficina de Control Interno de la ejecución del control del Riesgo Fiscal (R5), ni tampoco se diligenció la casilla correspondiente al monitoreo de la primera línea de defensa, con lo que, no se evidencia la ejecución del control ni se recibieron soportes de su cumplimiento. La zona de riesgo permanece igual después de aplicar el control, sumado a ello, el control no es consistente o no atiende la causa raiz referida a la desarticulación, por lo que se debe verificar el control propuesto de manera que trate de forma eficaz el riesgo planteado. La estrategia de tratamiento, no cumple con la metodología ya que no se puede aceptar, se debe evitar o reducir. Indicadores: si bien la formulación del Indicador Clave del Riesgo detalla que tiene medición semestral y por esta razón no se reporta su medición, el indicador del Desempeño del Control no tiene periodicidad definida ni tampoco se detalla la razón por la cual no fue reportado.
E81: Tipo | F81: Descripción del Riesgo | G81: ¿Cumple con la redacción del Riesgo? | H81: Controles | I81: Plan de Tratamiento | J81: Observaciones y recomendaciones por parte de la Tercera Línea de Defensa - Oficina de Control Interno (OCI)
A82: Gestión de los Recursos Físicos | B82: =VLOOKUP(A82,'Listas deplegables'!$A$2:$B$19,2,0) -> RF | E82: Corrupción | F82: Posibilidad de recibir o solicitar cualquier dádiva o beneficio a nombre propio o de terceros por la falta de control sobre la asignacion y traslado de los bienes de propiedad del Ministerio del Deporte debido a la inexistencia de procedimientos asociados al proceso de recursos fisicos frente al tema de inventario | G82: No | H82: Ctrl-1 | I82: Acc-1 | J82: La redacción del riesgo no considera los cuatro (4) elementos para los riesgos de corrupción, no se refiere a daño económico o reputacional, ni la desviación específica de la gestión de lo público y el beneficio privado, de manera que recomienda revisar y ajustar la redacción del riesgo. Se recomienda revisar la valoración del riesgo ya que no se evidencia el diligenciamiento completo de la Tabla de Impacto, lo que puede estar afectando la zona de riesgo inherente y por tanto el posterior resultado del riesgo residual. Se recomienda realizar el inventario a los elementos en servicio y deposito para verificar su existencia, estado de conservación y validar si procede para darlos de baja de acuerdo a nivel de obsolescencia con una frecuencia semestral en el el procedimiento para el seguimiento y control de los inventarios. Según lo descrito por el proceso (RF) en el formato: seguimiento indicadores 30/04/2025: "La compilación y organización de los soportes se ha visto afectada por la intensidad en las labores diarias, por ello se incluirá la documentación en el próximo reporte" No anexa evidencia porque su periodicidad es anual, así no presentó medición de los indicadores formulados Se sugiere revisar el planteamiento del riesgo y la causa raíz dado que la evidencia no se relaciona directamente con lo mencionado.
A83: Gestión de los Recursos Físicos | B83: =VLOOKUP(A83,'Listas deplegables'!$A$2:$B$19,2,0) -> RF | H83: Ctrl-2 | I83: Acc-2
A84: Gestión de los Recursos Físicos | B84: =VLOOKUP(A84,'Listas deplegables'!$A$2:$B$19,2,0) -> RF | H84: Ctrl-3 | I84: Acc-3
A85: Gestión de los Recursos Físicos | B85: =VLOOKUP(A85,'Listas deplegables'!$A$2:$B$19,2,0) -> RF | E85: Fiscal | F85: Posibilidad de Afectación Económica por Efecto dañoso sobre bienes públicos por pérdida, extravió, hurto, robo, declaratoria de bienes faltantes pertenecientes a la entidad manejo de inventario especifico por su variedad, a causa de falta de procedimientos para la gestión de bienes de propiedad del Ministerio del Deporte, e inconsistencias en las existencias fisicas vs lo registrado en el software de inventarios. | G85: Si | H85: Ctrl-1 | I85: Acc-1 | J85: La estrategia de tratamiento, no cumple con la metodología ya que no se puede aceptar, se debe evitar o reducir. R6-Ctrl2: el monitoreo de la primera linea no es consistente con la actividad planteada, ya que no se refiere a SOAWEB y su evidencia (correos electrónicos), en su lugar, se reportó el estado de la acción número 2 del plan de tratamiento la cual no presenta avance. R6-Acc1-Acc2: no se evidencia ejecución o avance en la actividad, pese a que tenía establecido fecha de inicio en febrero de 2025. Indicadores: pese a que utilizó el formato para el monitoreo y se diligenció la casilla, se evidencia que se transcribió la formulación del indicador pero no se presenta su medición cuantitativa ni tampoco se soportan las evidencias propuestas.
A86: Gestión de los Recursos Físicos | B86: =VLOOKUP(A86,'Listas deplegables'!$A$2:$B$19,2,0) -> RF | H86: Ctrl-2 | I86: Acc-2
E88: Tipo | F88: Descripción del Riesgo | G88: ¿Cumple con la redacción del Riesgo? | H88: Controles | I88: Plan de Tratamiento | J88: Observaciones y recomendaciones por parte de la Tercera Línea de Defensa - Oficina de Control Interno (OCI)
A89: Evaluación Independiente y Mejora Continua | B89: =VLOOKUP(A89,'Listas deplegables'!$A$2:$B$19,2,0) -> EI | E89: Corrupción | F89: Posibilidad de afectación económica y reputacional derivada de la acción u omisión consistente en recibir o solicitar dádivas o beneficios, haciendo uso del poder conferido, con el fin de manipular los resultados de informes de auditoría o seguimiento, desviando así la gestión de lo público para favorecer procesos, terceros, dependencias o con fines de beneficio personal | G89: Si | H89: Ctrl-1 | I89: Acc-1 | J89: La OCI se abstiene de generar resultados para este riesgo, teniendo en cuenta que fue identificado por la misma OCI, quien además realiza el presente seguimiento. Por tanto, estaría impedida de evaluarse así misma. El resultado de la revisión corresponde al registrado por la OAP: "De acuerdo con el rol de segunda línea que le corresponde a la Oficina Asesora de Planeación en la gestión del riesgo, se realizó el monitoreo del riesgo de corrupción, enfocado en la ejecución de controles, el plan de tratamiento y los indicadores asociados. En este sentido, se evidenció que el proceso llevó a cabo de manera adecuada el primer monitoreo de su mapa de riesgos. Únicamente se efectuó una observación relacionada con la redacción de la descripción del riesgo, la cual, una vez revisada por el proceso, fue ajustada de forma pertinente".
A90: Evaluación Independiente y Mejora Continua | B90: =VLOOKUP(A90,'Listas deplegables'!$A$2:$B$19,2,0) -> EI | H90: Ctrl-2
E92: Tipo | F92: Descripción del Riesgo | G92: ¿Cumple con la redacción del Riesgo? | H92: Controles | I92: Plan de Tratamiento | J92: Observaciones y recomendaciones por parte de la Tercera Línea de Defensa - Oficina de Control Interno (OCI)
A93: Gestión Proceso Disciplinario | B93: =VLOOKUP(A93,'Listas deplegables'!$A$2:$B$19,2,0) -> PD | E93: Corrupción | F93: Posibilidad de recibir o solicitar cualquier dádiva o beneficio a nombre propio o de terceros para emitir una decisión que favorezca o perjudique al sujeto disciplinable por sustracción, ocultamiento o pérdida de información de los procesos disciplinarios activos. | G93: No | H93: Ctrl-1 | I93: Acc-1 | J93: La redacción del riesgo no considera los cuatro (4) elementos para los riesgos de corrupción, no se refiere a daño económico o reputacional, ni la desviación específica de la gestión de lo público y el beneficio privado, de manera que recomienda revisar y ajustar la redacción del riesgo. Se recomienda revisar la valoración del riesgo ya que no se evidencia el diligenciamiento completo de la Tabla de Impacto, lo que puede estar afectando la zona de riesgo inherente, y por tanto, el posterior resultado del riesgo residual. De acuerdo con la retroalimentación de la segunda línea y la verificación por parte de la OCI, se identifica la subsanación de la evidencia correspondiente con los informes del mes de enero, febrero y marzo de 2025.
A94: Gestión Proceso Disciplinario | B94: =VLOOKUP(A94,'Listas deplegables'!$A$2:$B$19,2,0) -> PD | H94: Ctrl-2 | I94: Acc-2

Sheet T22
A1: MATRIZ SEGUIMIENTO MAPA DE RIESGOS DE CORRUPCIÓN
D2: Entidad: Ministerio del Deporte
D3: Responsable: Tercera línea de defensa
D4: Seguimiento: Primer Cuatrimestre 2025
D5: Fecha de publicación: 15 de mayo de 2025
A6: SEGUIMIENTO Y EVALUACIÓN POR PARTE DE LA TERCERA LÍNEA DE DEFENSA
A8: Nombre del Proceso | D8: Siglas | E8: Descripción Riesgo | F8: Zona de Riesgo Inherente | G8: Tratamiento | H8: Zona de Riesgo Residual Final
A9: Gestión de las Comunicaciones | C9: 1 | D9: =VLOOKUP(A9,'Listas deplegables'!$A$2:$B$19,2,0) -> GC | E9: Posibilidad de recibir cualquier dádiva o beneficio a nombre propio o tercero para difundir información sensible sin la debida verificación y aprobación | F9: Extremo | G9: Reducir (Mitigar) | H9: Extremo | I9: =F9=H9 -> TRUE
A10: Gestión de las Comunicaciones | D10: =VLOOKUP(A10,'Listas deplegables'!$A$2:$B$19,2,0) -> GC | G10: Reducir (Mitigar) | H10: Extremo
A11: Gestión de las Comunicaciones | D11: =VLOOKUP(A11,'Listas deplegables'!$A$2:$B$19,2,0) -> GC | G11: Reducir (Mitigar) | H11: Extremo
A12: Formulación y Adopción de Políticas, Planes y Programas | C12: 2 | D12: =VLOOKUP(A12,'Listas deplegables'!$A$2:$B$19,2,0) -> FP | E12: Posibilidad de favorecer un grupo de interés sobre otro en los procesos de formulación de políticas públicas. | F12: Alto | G12: Reducir (Mitigar) | H12: Alto | I12: =F12=H12 -> TRUE
A13: Formulación y Adopción de Políticas, Planes y Programas | D13: =VLOOKUP(A13,'Listas deplegables'!$A$2:$B$19,2,0) -> FP | G13: Reducir (Mitigar) | H13: Alto
A14: Formulación y Adopción de Políticas, Planes y Programas | D14: =VLOOKUP(A14,'Listas deplegables'!$A$2:$B$19,2,0) -> FP | G14: Reducir (Mitigar) | H14: Alto
A15: Altos Logros | C15: 3 | D15: =VLOOKUP(A15,'Listas deplegables'!$A$2:$B$19,2,0) -> AL | E15: Posibilidad de recibir o solicitar cualquiér dadiva o beneficio a nombre propio o de terceros beneficiando a atletas o paraatletas del programa de atleta excelencia, programa de glorias del deporte, escuela de talentos o beneficiar a federaciones deportivas nacionales que no cumplan con requisitos legales o normativos. | F15: Moderado | G15: Reducir (Mitigar) | H15: Moderado | I15: =F15=H15 -> TRUE
A16: Altos Logros | D16: =VLOOKUP(A16,'Listas deplegables'!$A$2:$B$19,2,0) -> AL | G16: Reducir (Mitigar) | H16: Moderado
A17: Altos Logros | D17: =VLOOKUP(A17,'Listas deplegables'!$A$2:$B$19,2,0) -> AL | G17: Reducir (Mitigar) | H17: Moderado
A18: Altos Logros | D18: =VLOOKUP(A18,'Listas deplegables'!$A$2:$B$19,2,0) -> AL | G18: Reducir (Mitigar) | H18: Moderado
A19: Altos Logros | D19: =VLOOKUP(A19,'Listas deplegables'!$A$2:$B$19,2,0) -> AL | G19: Reducir (Mitigar) | H19: Moderado
A20: Altos Logros | D20: =VLOOKUP(A20,'Listas deplegables'!$A$2:$B$19,2,0) -> AL | G20: Reducir (Mitigar) | H20: Moderado
A21: Altos Logros | D21: =VLOOKUP(A21,'Listas deplegables'!$A$2:$B$19,2,0) -> AL | G21: Reducir (Mitigar) | H21: Moderado
A22: Altos Logros | D22: =VLOOKUP(A22,'Listas deplegables'!$A$2:$B$19,2,0) -> AL | G22: Reducir (Mitigar) | H22: Moderado
A23: Inspección Vigilancia y Control | C23: 4 | D23: =VLOOKUP(A23,'Listas deplegables'!$A$2:$B$19,2,0) -> IVC | E23: Posibilidad de recibir o solicitar cualquier dadiva o beneficio a nombre propio o de terceros para favorecer a un organismo deportivo en el desarrollo de tramites, inspección, auditorias y/o procedimientos administrativos | F23: Moderado | G23: Reducir (Mitigar) | H23: Moderado | I23: =F23=H23 -> TRUE
A24: Inspección Vigilancia y Control | D24: =VLOOKUP(A24,'Listas deplegables'!$A$2:$B$19,2,0) -> IVC | G24: Reducir (Mitigar) | H24: Moderado
A25: Inspección Vigilancia y Control | D25: =VLOOKUP(A25,'Listas deplegables'!$A$2:$B$19,2,0) -> IVC | G25: Reducir (Mitigar) | H25: Moderado
A26: Fomento al Desarrollo Humano y Social | C26: 5 | D26: =VLOOKUP(A26,'Listas deplegables'!$A$2:$B$19,2,0) -> FD | E26: Posibilidad de recibir cualquier dádiva o beneficio a nombre propio o de terceros para desembolsar recursos a convenios o contratos entre el ministerio y entes ejecutores sin el cumplimiento de los requisitos legales. | F26: Extremo | G26: Reducir (Mitigar) | H26: Extremo | I26: =F26=H26 -> TRUE
A27: Fomento al Desarrollo Humano y Social | D27: =VLOOKUP(A27,'Listas deplegables'!$A$2:$B$19,2,0) -> FD | G27: Reducir (Mitigar) | H27: Extremo
A28: Apoyo a la Infraestructura Técnica y Científica | C28: 6 | D28: =VLOOKUP(A28,'Listas deplegables'!$A$2:$B$19,2,0) -> ATC | E28: Posibilidad de recibir o solicitar cualquier dádiva o beneficio a nombre propio o de terceros para realizar de manera deficiente, el ejercicio de la supervision que para el correcto desembolso de recursos economicos | F28: Extremo | G28: Reducir (Mitigar) | H28: Extremo | I28: =F28=H28 -> TRUE
A29: Apoyo a la Infraestructura Técnica y Científica | D29: =VLOOKUP(A29,'Listas deplegables'!$A$2:$B$19,2,0) -> ATC | G29: Reducir (Mitigar) | H29: Extremo
A30: Apoyo a la Infraestructura Técnica y Científica | C30: 7 | D30: =VLOOKUP(A30,'Listas deplegables'!$A$2:$B$19,2,0) -> ATC | E30: Posibilidad de recibir o solicitar cualquier dádiva o beneficio a nombre propio o de terceros por la financiacion y cofinanciacion de proyectos que no cumplen con los requisitos establecidos en la minuta | F30: Alto | G30: Reducir (Mitigar) | H30: Alto | I30: =F30=H30 -> TRUE
A31: Servicio Integral al Ciudadano | C31: 8 | D31: =VLOOKUP(A31,'Listas deplegables'!$A$2:$B$19,2,0) -> SI | E31: Posibilidad de recibir o solicitar cualquier dádiva o beneficio a nombre propio o de terceros por omitir el registro de PQRSD en los canales presenciales, telefónicos y chat | F31: Alto | G31: Reducir (Mitigar) | H31: Moderado | I31: =F31=H31 -> FALSE
A32: Gestión de TIC'S | C32: 9 | D32: =VLOOKUP(A32,'Listas deplegables'!$A$2:$B$19,2,0) -> GT | E32: Posibilidad de afectación económica o reputacional por acceder, facilitar el acceso o alterar los datos de los sistemas de información de la entidad con el fin de beneficiarse a nombre propio o de terceros | F32: Alto | G32: Reducir (Mitigar) | H32: Alto | I32: =F32=H32 -> TRUE
A33: Gestión de TIC'S | D33: =VLOOKUP(A33,'Listas deplegables'!$A$2:$B$19,2,0) -> GT | G33: Reducir (Mitigar) | H33: Alto
A34: Gestión del Talento Humano | C34: 10 | D34: =VLOOKUP(A34,'Listas deplegables'!$A$2:$B$19,2,0) -> GH | E34: Posibilidad afectación económica y reputacional por Recibir o solicitar dadivas o beneficio por direccionamiento de vinculación en favor propio o de un tercero debido a las posibles debilidades en la implementación de procesos y procedimientos internos | F34: Alto | G34: Reducir (Mitigar) | H34: Alto | I34: =F34=H34 -> TRUE
A35: Gestión Documental | C35: 11 | D35: =VLOOKUP(A35,'Listas deplegables'!$A$2:$B$19,2,0) -> GD | E35: Posibilidad de afectación economica y reputacional al recibir cualquier dádiva o beneficio a nombre propio o de terceros con el fin de omitir información o perdida de expedientes del archivo central. | F35: Alto | G35: Reducir (Mitigar) | H35: Moderado | I35: =F35=H35 -> FALSE
A36: Gestión Documental | D36: =VLOOKUP(A36,'Listas deplegables'!$A$2:$B$19,2,0) -> GD | G36: Reducir (Mitigar) | H36: Moderado
A37: Gestión Documental | D37: =VLOOKUP(A37,'Listas deplegables'!$A$2:$B$19,2,0) -> GD | G37: Reducir (Mitigar) | H37: Moderado
A38: Adquisición de Bienes y Servicios | C38: 12 | D38: =VLOOKUP(A38,'Listas deplegables'!$A$2:$B$19,2,0) -> BS | E38: Posibilidad de Afectación Reputacional por recibir cualquier dádiva o beneficio a nombre propio o de terceros por el direccionamiento indebido de procesos de contratación | F38: Extremo | G38: Reducir (Mitigar) | H38: Extremo | I38: =F38=H38 -> TRUE
A39: Adquisición de Bienes y Servicios | D39: =VLOOKUP(A39,'Listas deplegables'!$A$2:$B$19,2,0) -> BS | G39: Reducir (Mitigar) | H39: Extremo
A40: Gestión Financiera | C40: 13 | D40: =VLOOKUP(A40,'Listas deplegables'!$A$2:$B$19,2,0) -> GF | E40: Posibilidad de Afectación Económica y Reputacional por posibles comportamientos no éticos de los empleados y fraude interno (corrupción, soborno), debido a Incurrir en inconsistencias en el desarrollo de las actividades asociadas a las Conciliaciones Bancarias que no sean conformes con los lineamientos del proceso de Gestión Financiera y la legislación vigente y a la falta de verificación de cálculos para pagos internos y externos que conlleva a errores, pagos que no sean conformes con los lineamientos de la Entidad y/o la legislación vigente, que no refleje la realidad financiera de la Entidad e impida la optimización de los recursos, sin el cumplimiento de los requisitos establecidos por el proceso de Gestión Financiera | F40: Extremo | G40: Reducir (Mitigar) | H40: Extremo | I40: =F40=H40 -> TRUE
A41: Gestión Financiera | D41: =VLOOKUP(A41,'Listas deplegables'!$A$2:$B$19,2,0) -> GF | G41: Reducir (Mitigar) | H41: Extremo
A42: Gestión Jurídica | C42: 14 | D42: =VLOOKUP(A42,'Listas deplegables'!$A$2:$B$19,2,0) -> GJ | E42: Posibilidad de recibir cualquier dádiva o beneficio para ejercer una deficiente defensa técnica judicial en el marco de las contestaciones de tutelas. | F42: Extremo | G42: Reducir (Mitigar) | H42: Extremo | I42: =F42=H42 -> TRUE
A43: Gestión Jurídica | D43: =VLOOKUP(A43,'Listas deplegables'!$A$2:$B$19,2,0) -> GJ
A44: Gestión Jurídica | D44: =VLOOKUP(A44,'Listas deplegables'!$A$2:$B$19,2,0) -> GJ
A45: Gestión Jurídica | D45: =VLOOKUP(A45,'Listas deplegables'!$A$2:$B$19,2,0) -> GJ
A46: Gestión de los Recursos Físicos | C46: 15 | D46: =VLOOKUP(A46,'Listas deplegables'!$A$2:$B$19,2,0) -> RF | E46: Posibilidad de recibir o solicitar cualquier dádiva o beneficio a nombre propio o de terceros por la falta de control sobre la asignacion y traslado de los bienes de propiedad del Ministerio del Deporte debido a la inexistencia de procedimientos asociados al proceso de recursos fisicos frente al tema de inventario | F46: Moderado | G46: Reducir (Mitigar) | H46: Moderado | I46: =F46=H46 -> TRUE
A47: Gestión de los Recursos Físicos | D47: =VLOOKUP(A47,'Listas deplegables'!$A$2:$B$19,2,0) -> RF | G47: Reducir (Mitigar) | H47: Moderado
A48: Gestión de los Recursos Físicos | D48: =VLOOKUP(A48,'Listas deplegables'!$A$2:$B$19,2,0) -> RF | G48: Reducir (Mitigar) | H48: Moderado
A49: Evaluación Independiente y Mejora Continua | C49: 16 | D49: =VLOOKUP(A49,'Listas deplegables'!$A$2:$B$19,2,0) -> EI | E49: Posibilidad de afectación económica y reputacional derivada de la acción u omisión consistente en recibir o solicitar dádivas o beneficios, haciendo uso del poder conferido, con el fin de manipular los resultados de informes de auditoría o seguimiento, desviando así la gestión de lo público para favorecer procesos, terceros, dependencias o con fines de beneficio personal | F49: Extremo | G49: Reducir (Mitigar) | H49: Extremo | I49: =F49=H49 -> TRUE
A50: Evaluación Independiente y Mejora Continua | D50: =VLOOKUP(A50,'Listas deplegables'!$A$2:$B$19,2,0) -> EI | G50: Reducir (Mitigar) | H50: Extremo
A51: Gestión Proceso Disciplinario | C51: 17 | D51: =VLOOKUP(A51,'Listas deplegables'!$A$2:$B$19,2,0) -> PD | E51: Posibilidad de recibir o solicitar cualquier dádiva o beneficio a nombre propio o de terceros para emitir una decisión que favorezca o perjudique al sujeto disciplinable por sustracción, ocultamiento o pérdida de información de los procesos disciplinarios activos. | F51: Moderado | G51: Reducir (Mitigar) | H51: Moderado | I51: =F51=H51 -> TRUE
A52: Gestión Proceso Disciplinario | D52: =VLOOKUP(A52,'Listas deplegables'!$A$2:$B$19,2,0) -> PD | G52: Reducir (Mitigar) | H52: Moderado
D53: =VLOOKUP(A53,'Listas deplegables'!$A$2:$B$19,2,0) -> #N/A
D54: =VLOOKUP(A54,'Listas deplegables'!$A$2:$B$19,2,0) -> #N/A
D55: =VLOOKUP(A55,'Listas deplegables'!$A$2:$B$19,2,0) -> #N/A
D56: =VLOOKUP(A56,'Listas deplegables'!$A$2:$B$19,2,0) -> #N/A
D57: =VLOOKUP(A57,'Listas deplegables'!$A$2:$B$19,2,0) -> #N/A
D58: =VLOOKUP(A58,'Listas deplegables'!$A$2:$B$19,2,0) -> #N/A
D59: =VLOOKUP(A59,'Listas deplegables'!$A$2:$B$19,2,0) -> #N/A
D60: =VLOOKUP(A60,'Listas deplegables'!$A$2:$B$19,2,0) -> #N/A
D61: =VLOOKUP(A61,'Listas deplegables'!$A$2:$B$19,2,0) -> #N/A
D62: =VLOOKUP(A62,'Listas deplegables'!$A$2:$B$19,2,0) -> #N/A
D63: =VLOOKUP(A63,'Listas deplegables'!$A$2:$B$19,2,0) -> #N/A
D64: =VLOOKUP(A64,'Listas deplegables'!$A$2:$B$19,2,0) -> #N/A
... D102: =VLOOKUP(A102,'Listas deplegables'!$A$2:$B$19,2,0) -> #N/A
A103: x | D103: x | E103: x | F103: x | G103: x | H103: x

Sheet T23
A1: MATRIZ SEGUIMIENTO MAPA DE RIESGOS FISCALES
D2: Entidad: Ministerio del Deporte | F2: ¿Se adelantó seguimiento al Mapa de Riesgos Fiscales?
D3: Responsable: Tercera línea de defensa
D4: Seguimiento: Primer Cuatrimestre 2025 | F4: Si
D5: Fecha de publicación: 15 de mayo de 2025
A6: SEGUIMIENTO Y EVALUACIÓN POR PARTE DE LA TERCERA LÍNEA DE DEFENSA
A8: Nombre del Proceso | D8: Siglas | E8: Descripción Riesgo | F8: Zona de Riesgo Inherente | G8: Tratamiento | H8: Zona de Riesgo Residual Final
A9: Altos Logros | C9: 1 | D9: =VLOOKUP(A9,'Listas deplegables'!$A$2:$B$19,2,0) -> AL | E9: Posibilidad de afectacion economica por no recuperar los recursos transferidos a los contratistas que no se pudieron legalizar durante el periodo de ejecucion de los contratos y convenios celebrados por el Ministerio del Deporte por no generar a tiempo la liquidacion que de lugar a reintegro de recursos o al inicio de cobro correspondiente. | F9: Moderado | G9: Aceptar | H9: Bajo | I9: =F9=H9 -> FALSE | J9: 1
A10: Altos Logros | D10: =VLOOKUP(A10,'Listas deplegables'!$A$2:$B$19,2,0) -> AL
A11: Fomento al Desarrollo Humano y Social | C11: 2 | D11: =VLOOKUP(A11,'Listas deplegables'!$A$2:$B$19,2,0) -> FD | E11: Posibilidad de efecto dañoso sobre recurso público, por fallas en la recuperación de recursos transferidos a los contratistas no legalizados, durante el periodo de ejecución de los contratos y convenios celebrados por el Ministerio del Deporte, a causa de fallas en el procedimiento de liquidación, para proceder a reintegro de recursos o al inicio de cobro a favor del Ministerio. | F11: Extremo | G11: Reducir (Mitigar) | H11: Extremo | I11: =F11=H11 -> TRUE
A12: Fomento al Desarrollo Humano y Social | D12: =VLOOKUP(A12,'Listas deplegables'!$A$2:$B$19,2,0) -> FD
A13: Apoyo a la Infraestructura Técnica y Científica | C13: 3 | D13: =VLOOKUP(A13,'Listas deplegables'!$A$2:$B$19,2,0) -> ATC | E13: Posibilidad de efecto dañoso sobre recurso público, por falta de cumplimiento de los requisitos legales y técnicos para la liquidación de contratos, falta de recursos humanos y técnicos adecuados para llevar a cabo los procesos de liquidación, fallas en la realización de la supervisión, falta de profesionales para la revisión de contratos y convenios a liquidar, alto volumen de contratos y convenios asignados a pocos funcionarios, a causa de error o fallas en el cumplimiento de procedimientos dispuesto por la entidad para la liquidación de procesos de contratación o falta de planificación adecuada para iniciar la liquidación de contratación | F13: Moderado | G13: Aceptar | H13: Moderado | I13: =F13=H13 -> TRUE
A14: Apoyo a la Infraestructura Técnica y Científica | D14: =VLOOKUP(A14,'Listas deplegables'!$A$2:$B$19,2,0) -> ATC
A15: Apoyo a la Infraestructura Técnica y Científica | D15: =VLOOKUP(A15,'Listas deplegables'!$A$2:$B$19,2,0) -> ATC
A16: Gestión del Talento Humano | C16: 4 | D16: =VLOOKUP(A16,'Listas deplegables'!$A$2:$B$19,2,0) -> GH | E16: Posibilidad de efecto dañoso sobre recurso público, por el No cobro y vencimiento del término de incapacidades y/o licencias, Inoportunidad en el reporte de incapacidades por parte del funcionario No se transcriben las incapacidades con oportunidad, a causa debilidades en los controles operativos para el seguimiento de incapacidades y/o licencias, fallas y/o demoras en la legalización de las incapacidades y/o licencias por parte de los funcionarios. | F16: Moderado | G16: Aceptar | H16: Bajo | I16: =F16=H16 -> FALSE
A17: Gestión Financiera | C17: 5 | D17: =VLOOKUP(A17,'Listas deplegables'!$A$2:$B$19,2,0) -> GF | E17: Posibilidad de Efecto dañoso sobre recursos públicos por efectuar pagos a contratistas, proveedores y terceros por mayor o menor valor de lo pactado, debido a fallas en la verificación de los documentos causados y de la documentacion solicitada para pago. | F17: Moderado | G17: Reducir (Transferir) | H17: Bajo | I17: =F17=H17 -> FALSE
A18: Gestión Jurídica | C18: 6 | D18: =VLOOKUP(A18,'Listas deplegables'!$A$2:$B$19,2,0) -> GJ | E18: Posibilidad de Afectación Económica por Efecto dañoso sobre recursos públicos por pago tardío de las condenas, conciliaciones u otra forma de determinación de un conflicto, por desarticulación entre el Ministerio con un tercero, a causa de desarticulación entre las áreas para iniciar proceso judicial, inexactitud de la información allegada | F18: Moderado | G18: Aceptar | H18: Moderado | I18: =F18=H18 -> TRUE
A19: Gestión de los Recursos Físicos | C19: 7 | D19: =VLOOKUP(A19,'Listas deplegables'!$A$2:$B$19,2,0) -> RF | E19: Posibilidad de Afectación Económica por Efecto dañoso sobre bienes públicos por pérdida, extravió, hurto, robo, declaratoria de bienes faltantes pertenecientes a la entidad manejo de inventario especifico por su variedad, a causa de falta de procedimientos para la gestión de bienes de propiedad del Ministerio del Deporte, e inconsistencias en las existencias fisicas vs lo registrado en el software de inventarios. | F19: Alto | G19: Aceptar | H19: Alto | I19: =F19=H19 -> TRUE
A20: Gestión de los Recursos Físicos | D20: =VLOOKUP(A20,'Listas deplegables'!$A$2:$B$19,2,0) -> RF
D21: =VLOOKUP(A21,'Listas deplegables'!$A$2:$B$19,2,0) -> #N/A
D22: =VLOOKUP(A22,'Listas deplegables'!$A$2:$B$19,2,0) -> #N/A
D23: =VLOOKUP(A23,'Listas deplegables'!$A$2:$B$19,2,0) -> #N/A
D24: =VLOOKUP(A24,'Listas deplegables'!$A$2:$B$19,2,0) -> #N/A
D25: =VLOOKUP(A25,'Listas deplegables'!$A$2:$B$19,2,0) -> #N/A
D26: =VLOOKUP(A26,'Listas deplegables'!$A$2:$B$19,2,0) -> #N/A
D27: =VLOOKUP(A27,'Listas deplegables'!$A$2:$B$19,2,0) -> #N/A
D28: =VLOOKUP(A28,'Listas deplegables'!$A$2:$B$19,2,0) -> #N/A
D29: =VLOOKUP(A29,'Listas deplegables'!$A$2:$B$19,2,0) -> #N/A
D30: =VLOOKUP(A30,'Listas deplegables'!$A$2:$B$19,2,0) -> #N/A
D31: =VLOOKUP(A31,'Listas deplegables'!$A$2:$B$19,2,0) -> #N/A
D32: =VLOOKUP(A32,'Listas deplegables'!$A$2:$B$19,2,0) -> #N/A
... D98: =VLOOKUP(A98,'Listas deplegables'!$A$2:$B$19,2,0) -> #N/A
A99: x | D99: x | E99: x | F99: x | G99: x | H99: x
J104: Etiquetas de fila | K104: Cuenta de Siglas
J105: Aceptar | K105: 5 | L105: =5/7 -> 0.71428571
J106: Reducir (Mitigar) | K106: 1
J107: Reducir (Transferir) | K107: 1
J108: (en blanco) | K108: 4
J109: Total general | K109: 11

Sheet T24
B1: CORRUPCIÓN
B2: Cuenta de ¿Se reportaron indicadores? | C2: Etiquetas de columna | J2: ¿REPORTA INDICADORES?
B3: Etiquetas de fila | C3: No | D3: No aplica | E3: Si | F3: (en blanco) | G3: Total general | I3: PROCESO | J3: No | K3: No aplica | L3: Si
B4: AL | E4: 1 | G4: 1 | I4: AL | L4: 1
B5: ATC | E5: 2 | G5: 2 | I5: ATC | L5: 2
B6: BS | E6: 1 | G6: 1 | I6: BS | L6: 1
B7: EI | E7: 1 | G7: 1 | I7: EI | L7: 1
B8: FD | D8: 1 | G8: 1 | I8: FD | K8: 1
B9: FP | C9: 1 | G9: 1 | I9: FP | J9: 1
B10: GC | E10: 1 | G10: 1 | I10: GC | L10: 1
B11: GD | C11: 1 | G11: 1 | I11: GD | J11: 1
B12: GF | E12: 1 | G12: 1 | I12: GF | L12: 1
B13: GH | C13: 1 | G13: 1 | I13: GH | J13: 1
B14: GJ | E14: 1 | G14: 1 | I14: GJ | L14: 1
B15: GT | E15: 1 | G15: 1 | I15: GT | L15: 1
B16: IVC | E16: 1 | G16: 1 | I16: IVC | L16: 1
B17: PD | E17: 1 | G17: 1 | I17: PD | L17: 1
B18: RF | C18: 1 | G18: 1 | I18: RF | J18: 1
B19: SI | E19: 1 | G19: 1 | I19: SI | L19: 1
B20: Total general | C20: 4 | D20: 1 | E20: 12 | G20: 17 | I20: TOTAL | J20: 4 | K20: 1 | L20: 12

Sheet T25
B2: Cuenta de ¿Se reportaron indicadores? | C2: Etiquetas de columna | I2: PROCESO | J2: ¿REPORTA INDICADORES?
B3: Etiquetas de fila | C3: No | D3: No aplica | E3: Si | F3: (en blanco) | G3: Total general | J3: No | K3: No aplica | L3: Si | M3: %
B4: AL | E4: 1 | G4: 1 | I4: AL | L4: 1
B5: ATC | D5: 1 | G5: 1 | I5: ATC | K5: 1
B6: FD | C6: 1 | G6: 1 | I6: FD | J6: 1
B7: GF | E7: 1 | G7: 1 | I7: GF | L7: 1
B8: GH | D8: 1 | G8: 1 | I8: GH | K8: 1
B9: GJ | D9: 1 | G9: 1 | I9: GJ | K9: 1
B10: RF | C10: 1 | G10: 1 | I10: RF | J10: 1
B11: Total general | C11: 2 | D11: 3 | E11: 2 | G11: 7 | I11: TOTAL | J11: 2 | K11: 3 | L11: 2 | M11: =+J11/7 -> 0.28571429
